 Dungeon Crawl Stone Soup version 0.31-a0-667-g39726597b9 (webtiles) character file.

Game seed: 607294562849143089

893644 Opifex the Merry Gargoyle (level 27, -11/199 HPs)
             Began as a Gargoyle Hunter on Sept 2, 2023.
             Was the Champion of Jiyva.
             Killed by divine providence
             ... invoked by a royal mummy
              (13 damage)
             ... on level 1 of the Tomb of the Ancients on Sept 3, 2023.
             The game lasted 03:15:02 (61368 turns).

Opifex the Merry Gargoyle (Gargoyle Hunter)        Turns: 61368, Time: 03:15:03

Health: -11/199    AC: 44    Str: 22 (23) XL:     27
Magic:  23/23      EV: 39    Int: 17 (18) God:    Jiyva [******]
Gold:   5955       SH:  0    Dex: 23 (27) Spells: 26/26 levels left

rFire   + + .        B - +27 heavy crossbow "Sniper" {heavy, Acc+∞ SInv}
rCold   + + .        (shield currently unavailable)
rNeg    + + +        U - +9 Cigotuvi's embrace {Corpsefed rMiasma Drain rN+}
rPois   ∞            n - +4 hat of the Prince of Darkness {rC+ Int+2}
rElec   +            I - +1 cloak of Starlight {*Dazzle EV+4 Stlth--}
rCorr   +            (no gloves)
SInv    +            a - +0 pair of boots of Untruth {*Slow +Blink rElec Int+2 Slay+2}
Will    +++..        y - amulet of Vitality {RegenMP++ Regen++}
Stlth   ++++         M - ring of Assun {rF++ Str+6}
HPRegen 3.73/turn    x - ring of Xauch {rC+ rN+ Int+4 SInv}
MPRegen 1.48/turn

%: slow self (1%)
@: flying, slowed, very slow
A: sickness immunity, AC +20, big wings, negative energy resistance 1,
electricity resistance, torment resistance 1, petrification resistance, hooves
1, agile 1, strong-willed 1, sense surroundings 3, inability to read after
injury 1
}: 8/15 runes: serpentine, barnacled, slimy, silver, bone, abyssal, demonic,
glowing
a: Renounce Religion, Evoke Blink, Oozemancy, Slimify


You were on level 1 of the Tomb of the Ancients.
You worshipped Jiyva.
Jiyva was exalted by your worship.
You visited 15 branches of the dungeon, and saw 71 of its levels.
You visited Pandemonium 1 time, and saw 11 of its levels.
You visited the Abyss 2 times.
You also visited: Trove, Sewer, Ice Cave and Wizlab.

You collected 7503 gold pieces.
You spent 1548 gold pieces at shops.

Inventory:

Hand Weapons
 r - a +2 arbalest of electrocution
 B - the +27 heavy crossbow "Sniper" (weapon) {heavy, Acc+∞ SInv}
   (You found it on level 1 of the Realm of Zot)

   Acc+∞: It never misses its target.
   SInv:      It lets you see invisible.
Armour
 a - the +0 pair of boots of Untruth (worn) {*Slow +Blink rElec Int+2 Slay+2}
   (You found it in a wizard's laboratory)

   Int+2:     It affects your intelligence (+2).
   Slay+2:    It affects your accuracy & damage with ranged weapons and melee
   (+2).
   rElec:     It insulates you from electricity.
   +Blink:    It lets you blink.
   *Slow:     It may slow you when you take damage.
 n - the +4 hat of the Prince of Darkness (worn) {rC+ Int+2}
   (You found it in a treasure trove)

   Int+2:     It affects your intelligence (+2).
   rC+:       It protects you from cold.
 I - the +1 cloak of Starlight (worn) {*Dazzle EV+4 Stlth--}
   (You found it on level 4 of the Lair of Beasts)

   *Dazzle:   It may blind those who miss an attack against the wearer in melee
   combat.
   EV+4:      It affects your evasion (+4).
   Stlth--:   It makes you much less stealthy.
 N - the +7 Kryia's mail coat {PotionHeal*2 rC+}
   (You found it on level 11 of the Dungeon)

   PotionHeal*2: Potions heal its wearer twice as much.
   rC+:       It protects you from cold.
 U - the +9 Cigotuvi's embrace (worn) {Corpsefed rMiasma Drain rN+}
   (You found it on level 14 of the Dungeon)

   Corpsefed: It gathers nearby corpses to temporarily increase the armour it
   provides.
   rMiasma:   It protects you from foul pestilence.
   rN+:       It protects you from negative energy.
   Drain:     It drains your maximum health when unequipped.
Jewellery
 v - an amulet of reflection
 x - the ring of Xauch (right hand) {rC+ rN+ Int+4 SInv}
   (You took it off a vampire knight on level 3 of the Crypt)

   [ring of positive energy]

   Int+4:     It affects your intelligence (+4).
   rC+:       It protects you from cold.
   rN+:       It protects you from negative energy.
   SInv:      It lets you see invisible.
 y - the amulet of Vitality (around neck) {RegenMP++ Regen++}
   (You found it on level 2 of the Realm of Zot)

   [amulet of magic regeneration]

   RegenMP:   It increases your rate of magic regeneration.
   Regen++:   It increases your rate of health regeneration.
 C - a ring of protection from fire
 M - the ring of Assun (left hand) {rF++ Str+6}
   (You found it on level 5 of the Pits of Slime)

   [ring of strength]

   Str+6:     It affects your strength (+6).
   rF++:      It greatly protects you from fire.
 R - the ring of the Cricket {*Corrode rElec rPois Dex+7}
   (You took it off a deep elf sorcerer on level 5 of the Vaults)

   [ring of poison resistance]

   Dex+7:     It affects your dexterity (+7).
   rElec:     It insulates you from electricity.
   rPois:     It protects you from poison *Corrode: It may corrode you when you
   take damage.
Wands
 c - a wand of polymorph (20)
 l - a wand of acid (17)
 m - a wand of roots (11)
 t - a wand of paralysis (37)
 K - a wand of digging (3)
Scrolls
 b - 4 scrolls of fog
 f - 5 scrolls of butterflies
 g - 2 scrolls of vulnerability
 k - 6 scrolls of poison
 o - 2 scrolls of silence
 q - 8 scrolls of enchant armour
 u - 23 scrolls of identify
 D - 2 scrolls of torment
 E - 2 scrolls of amnesia
 H - a scroll of immolation
 J - 2 scrolls of teleportation
 O - 5 scrolls of fear
 Q - 5 scrolls of enchant weapon
Potions
 d - 4 potions of curing
 e - 4 potions of might
 h - 4 potions of enlightenment
 i - 6 potions of resistance
 j - 4 potions of invisibility
 p - 2 potions of berserk rage
 w - a potion of magic
 A - 6 potions of attraction
 F - 4 potions of lignification
 G - a potion of cancellation


   Skills:
 O Level 27 Fighting
 O Level 27 Ranged Weapons
 + Level 18.6 Armour
 O Level 27 Dodging
 + Level 14.8 Stealth
 O Level 27 Shields
 - Level 0.1 Evocations


You had 26 spell levels left.
You didn't know any spells.
Your spell library contained the following spells:

 Spells                   Type           Power      Damage    Failure   Level
 Apportation              Tloc           0%         N/A       26%         1
 Foxfire                  Conj/Fire      0%         2x1d4     26%         1
 Freeze                   Ice            0%         1d3       26%         1
 Kiss of Death            Conj/Necr      0%         2d5       26%         1
 Magic Dart               Conj           0%         1d3       26%         1
 Necrotise                Necr           0%         1d4       26%         1
 Sandblast                Erth           0%         2d4       26%         1
 Shock                    Conj/Air       0%         1d3       26%         1
 Slow                     Hex            0%         N/A       26%         1
 Sting                    Tmut/Pois      0%         1d3       26%         1
 Summon Small Mammal      Summ           0%         N/A       26%         1
 Blink                    Tloc           0%         N/A       36%         2
 Ensorcelled Hibernation  Hex/Ice        0%         N/A       36%         2
 Lesser Beckoning         Tloc           0%         N/A       36%         2
 Momentum Strike          Conj/Tloc      0%         3d8       36%         2
 Passwall                 Tmut/Erth      0%         N/A       36%         2
 Poisonous Vapours        Pois/Air       0%         N/A       36%         2
 Searing Ray              Conj           0%         2d4       36%         2
 Wereblood                Tmut           0%         N/A       36%         2
 Call Canine Familiar     Summ           0%         N/A       58%         3
 Confusing Touch          Hex            0%         N/A       58%         3
 Dazzling Flash           Conj/Hex       0%         N/A       58%         3
 Frozen Ramparts          Ice            0%         1d1       58%         3
 Gell's Gravitas          Tloc           0%         N/A       58%         3
 Hailstorm                Conj/Ice       0%         3d3       58%         3
 Ignite Poison            Fire/Tmut/Pois 0%         N/A       58%         3
 Inner Flame              Hex/Fire       0%         N/A       58%         3
 Portal Projectile        Hex/Tloc       0%         N/A       58%         3
 Stone Arrow              Conj/Erth      0%         3d7       58%         3
 Summon Guardian Golem    Hex/Summ       0%         N/A       58%         3
 Teleport Other           Tloc           0%         N/A       58%         3
 Vampiric Draining        Necr           0%         2d6       58%         3
 Volatile Blastmotes      Fire/Tloc      0%         2d10      58%         3
 Anguish                  Hex/Necr       0%         N/A       94%         4
 Animate Armour           Summ/Erth      0%         N/A       94%         4
 Cause Fear               Hex            0%         N/A       94%         4
 Dispel Undead            Necr           0%         3d6       94%         4
 Fulminant Prism          Conj/Hex       0%         3d5       94%         4
 Iskenderun's Mystic Bla  Conj/Tloc      0%         2d3       94%         4
 Leda's Liquefaction      Hex/Erth       0%         N/A       94%         4
 Olgreb's Toxic Radiance  Pois           0%         N/A       94%         4
 Passage of Golubria      Tloc           0%         N/A       94%         4
 Sticky Flame             Conj/Fire      0%         2d3       94%         4
 Summon Ice Beast         Ice/Summ       0%         N/A       94%         4
 Agony                    Necr           0%         N/A       100%        5
 Alistair's Intoxication  Tmut/Pois      0%         N/A       100%        5
 Fireball                 Conj/Fire      0%         3d3       100%        5
 Irradiate                Conj/Tmut      0%         3d11      100%        5
 Silence                  Hex/Air        0%         N/A       100%        5
 Summon Forest            Summ/Tloc      0%         N/A       100%        5
 Summon Mana Viper        Hex/Summ       0%         N/A       100%        5
 Yara's Violent Unravell  Hex/Tmut       0%         3d3       100%        5
 Conjure Ball Lightning   Conj/Air       0%         3x3d6     100%        6
 Death Channel            Necr           0%         N/A       100%        6
 Dispersal                Tloc           0%         N/A       100%        6
 Leda's Unmaking          Conj/Erth      0%         9d1       100%        6
 Plasma Beam              Fire/Air       0%         2x1d10    100%        6
 Simulacrum               Ice/Necr       0%         N/A       100%        6
 Starburst                Conj/Fire      0%         6d3       100%        6
 Summon Cactus Giant      Summ           0%         N/A       100%        6
 Enfeeble                 Hex            0%         N/A       100%        7
 Haunt                    Necr/Summ      0%         N/A       100%        7
 Monstrous Menagerie      Summ           0%         N/A       100%        7
 Ozocubu's Refrigeration  Ice            0%         4d7       100%        7
 Spellforged Servitor     Conj/Summ      0%         N/A       100%        7
 Summon Hydra             Summ           0%         N/A       100%        7
 Borgnjor's Revivificati  Necr           0%         N/A       100%        8
 Discord                  Hex            0%         N/A       100%        8
 Disjunction              Tloc           0%         N/A       100%        8
 Lehudib's Crystal Spear  Conj/Erth      0%         10d2      100%        8
 Chain Lightning          Conj/Air       0%         N/A       100%        9
 Death's Door             Necr           0%         N/A       100%        9
 Dragon's Call            Summ           0%         N/A       100%        9
 Polar Vortex             Ice            0%         N/A       100%        9
 Cigotuvi's Dreadful Rot  Necr/Pois/Air  Unusable   N/A       N/A         2
 Sublimation of Blood     Necr           Unusable   N/A       N/A         2

Dungeon Overview and Level Annotations

Branches:
Dungeon (15/15)            Temple (0/1) D:7            Lair (5/5) D:9
 Shoals (4/4) Lair:2        Snake (4/4) Lair:2        Slime (5/5) Lair:4
    Orc (2/2) D:9             Elf (3/3) Orc:2        Vaults (5/5) D:14
  Crypt (3/3) Vaults:3       Tomb (2/3) Crypt:3      Depths (4/4) D:15
   Hell (visited)             Dis (0/7) Hell            Geh (0/7) Hell
    Coc (6/7) Hell            Tar (7/7) Hell            Zot (5/5) Depths:4
  Sewer (visited)           IceCv (visited)          WizLab (visited)

Altars:
Ashenzari
Dithmenos
Elyvilon
Kikubaaqudgha
Makhleb
Okawaru
Qazlal
Ru
Sif Muna
Trog
Wu Jian
Yredelemnul
Zin
The Shining One
Jiyva

Shops:
D:8 (   D:11 :   Orc:2 [(!!*   Elf:1 :   Elf:3 *   Vaults:5 *   Depths:2 =!

Portals:
Hell: Depths:1 Depths:2 Depths:3 Depths:4
Abyss: Depths:3
Pandemonium: Depths:2
Ziggurat: Depths:4

Annotations:
D:6 3 runed translucent doors, voshxx's ghost, amateur DrAE
D:10 2 runed translucent doors
D:12 3 runed translucent doors, Conn's ghost, journeyman OpFE
Snake:3 2 transporters
Slime:5 Royal Jelly
Elf:2 3 runed translucent doors
Vaults:3 1 runed translucent door
Coc:6 exclusion: 4 ice statues
Zot:1 1 runed translucent door, Calu's ghost, legendary KoHu


Innate Abilities, Weirdness & Mutations

You are immune to sickness and miasma.
Your stone body is resilient. (AC +20)
You are immune to poison.
Your large and strong wings let you fly.
You resist negative energy. (rN+)
You are resistant to electric shocks. (rElec)
You are resistant to unholy torment.
You are immune to petrification.
You have large cloven feet.
You are agile. (Dex +4, Str/Int -1)
You are strong-willed. (Will+)
You passively map a large area around you.
You occasionally lose the ability to read scrolls when taking damage.


Message History

The royal mummy gestures wildly while chanting.
The royal mummy gestures at you while chanting.
Something smites you!
* * * LOW HITPOINT WARNING * * *
The emperor scorpion completely misses you. x2
The emperor scorpion misses you. The emperor scorpion barely misses you.
The emperor scorpion's vision is obscured by starry radiance!
The emperor scorpion barely misses you.
The emperor scorpion claws you but does no damage.
The emperor scorpion closely misses you.
The emperor scorpion misses you. The emperor scorpion barely misses you.
The death scarab waves its antennae.
The death scarab completely misses you.
You shoot a bolt. The bolt hits the death scarab!!
You destroy the death scarab!
The death scarab's corpse disappears in a puff of smoke!
The death scarab waves its antennae.
The emperor scorpion misses you. The emperor scorpion barely misses you.
The emperor scorpion completely misses you.
The emperor scorpion barely misses you.
The emperor scorpion completely misses you. x5
The emperor scorpion stings you but does no damage.
The emperor scorpion claws you but does no damage.
The emperor scorpion misses you.
The royal mummy casts a spell.
The royal mummy gestures at you while chanting.
Something smites you!
* * * LOW HITPOINT WARNING * * *
The emperor scorpion misses you.
The emperor scorpion completely misses you. x3
The emperor scorpion claws you but does no damage.
The emperor scorpion misses you. x2
The emperor scorpion completely misses you.
The emperor scorpion claws you but does no damage.
The royal mummy casts a spell. x2
The emperor scorpion closely misses you.
The emperor scorpion completely misses you. x2
The royal mummy gestures at you while chanting.
Something smites you!
You die...

#..#...#..........#...#..........
#..#...#..........#...#..........
#..#...#####''#####...#####''####
#.^#...#....^..................^.
#..#.8.#..........8...8..........
#..#...#.......^.................
#..##############################
#.............§.sssMBssM......s..
#..............§@sBMsBMM......§.s
#################################
#################################
.................................
.................................
.................................
.................................
.................................
#################################


You could see 5 royal mummies, 7 emperor scorpions and 3 death scarabs.

Vanquished Creatures
  Ereshkigal (Tar:7)
  Ignacio (Pan)
  7 dread liches
  Mnoleg (Pan)
  4 ancient liches
  Mara (Shoals:4)
  4 orbs of fire
  4 pandemonium lords (Pan)
  10 royal mummies
  Frederick (Depths:3)
  The ghost of Luec the Sorcerer, a veteran DjFE of Hepliaklqana (Depths:1)
  The ghost of Joepramp the Sorcerer, a veteran DjFE of Hepliaklqana (Depths:1)
  The ghost of Luec the Sorcerer, a veteran DjFE of Hepliaklqana (Depths:1)
  13 shard shrikes
  A Head Instructor (WizLab)
  The ghost of Hulu the Metallomancer, a veteran GrEE of Ashenzari (Depths:1)
  The ghost of Fopulom the Metallomancer, a veteran GrEE of Ashenzari (Depths:1)
  The ghost of Lapib the Spry, a veteran MfIE of the Shining One (Depths:1)
  Margery (Depths:3)
  A caustic shrike (Depths:1)
  A curse toe (Zot:3)
  19 profane servitors
  Jory (Crypt:3)
  Geryon (Hell)
  10 golden dragons
  19 bone dragons
  Norris (Depths:3)
  2 Brimstone Fiends (Pan)
  A shard shrike zombie (Crypt:3)
  23 Tzitzimimeh
  11 doom hounds
  A Hell Sentinel (Pan)
  An electric golem (Zot:5)
  A spectral shard shrike (Tar:5)
  19 tentacled monstrosities
  A hellephant (Hell)
  5 liches
  27 tainted leviathans
  Mlioglotl (Shoals:4)
  2 walking earthen tomes
  Asterion (Snake:1)
  5 Ice Fiends
  A deep elf blademaster (Elf:3)
  Grunn (Depths:2)
  8 Orb Guardians (Zot:5)
  13 titans
  A walking divine tome (Depths:1)
  2 deep elf master archers (Elf:3)
  6 quicksilver dragons
  8 death cobs
  12 sphinxes
  15 shadow dragons
  An eldritch tentacle (Pan)
  2 krakens
  6 tentacled starspawn
  Agnes (Snake:4)
  5 ancient champions
  4 Executioners
  Kirke (Snake:1)
  Polyphemus (Shoals:4)
  16 storm dragons
  12 tengu reavers
  16 draconian monks
  5 nagarajas
  Aizul (Snake:4)
  5 revenants
  3 deep elf sorcerers
  2 narguns
  2 demonspawn warmongers (Pan)
  9 fire giants
  A draconian knight (Zot:3)
  5 iron dragons
  2 caustic shrike zombies
  22 frost giants
  2 angels
  3 ghost moths
  2 shard shrike simulacra
  6 draconian scorchers
  13 vault wardens
  11 balrugs
  A spectral caustic shrike (Tar:3)
  3 draconian shifters
  2 deep elf elementalists (Elf:3)
  4 demonspawn corrupters (Pan)
  34 cacodemons
  A curse skull (Crypt:1)
  An ophan (Abyss:4)
  4 spriggan defenders
  5 draconian annihilators
  18 ironbound preservers
  27 stone giants
  3 draconian stormcallers
  4 green draconians
  20 very ugly things
  8 deep elf demonologists
  9 ironbound thunderhulks
  14 elemental wellsprings
  The ghost of Irekelaa the Blocker, a journeyman TrMo of Hepliaklqana (Depths:1)
  16 reapers
  3 demonspawn blood saints (Pan)
  3 bennus (Tomb:2)
  43 putrid mouths
  26 vampire knights
  14 black draconians
  4 demonspawn black suns (Pan)
  2 lorocyprocas (Pan)
  4 dire elephants (Vaults:3)
  7 wendigos
  The ghost of Obergh the Unseen, a journeyman SpBr (Depths:1)
  8 deep elf annihilators
  2 spectral titans
  13 white draconians
  6 spark wasps
  A bunyip (Abyss:2)
  11 purple draconians
  7 red draconians
  5 eidola
  13 yellow draconians
  A crystal guardian (Vaults:4)
  7 mummy priests (Tomb:1)
  2 quicksilver dragon zombies
  6 merfolk javelineers
  20 blizzard demons
  8 deep elf death magi
  The ghost of Jafu the Cleaver, a journeyman DsFi of Uskayaw (D:13)
  10 ettins
  6 green deaths (Pan)
  8 merfolk impalers
  13 yaktaur captains
  19 fire dragons
  A spectral kraken (Tar:7)
  2 entropy weavers
  12 jiangshi
  6 deep elf high priests
  5 spectral spriggans
  9 rakshasas
  33 vault guards
  A peacekeeper (Vaults:4)
  8 ice dragons
  4 juggernaut simulacra
  7 ogre magi
  A fenstrider witch zombie (Crypt:3)
  3 merfolk avatars
  3 catoblepae
  5 caustic shrike simulacra
  2 quicksilver dragon skeletons
  6 hydras
  12 spriggan air magi
  Erolcha (D:10)
  13 ironbound frosthearts
  15 two-headed ogres
  4 merfolk aquamancers
  11 centaur warriors
  22 anacondas
  A satyr (Shoals:3)
  3 salamander tyrants
  6 boulder beetles
  A fenstrider witch skeleton (Crypt:2)
  2 hell beasts (Depths:4)
  A death knight (Abyss:2)
  10 deep troll shamans
  An alligator snapping turtle (Shoals:4)
  11 death yaks
  20 death scarabs
  12 naga warriors
  A spectral human (Tar:2)
  6 tengu warriors
  4 demonic crawlers
  11 deep troll earth magi
  14 vampire magi
  23 dancing weapons
  2 spriggan berserkers (Depths:3)
  11 thrashing horrors
  2 orc high priests
  Sonja (Orc:1)
  2 titan zombies
  4 shock serpents
  3 spriggans (Depths:3)
  2 hell hogs (Hell)
  19 soul eaters
  19 naga sharpshooters
  2 storm dragon zombies (D:14)
  46 sun demons
  A spectral dire elephant (Tar:1)
  10 deep elf knights
  25 hell knights
  7 wretched stars
  5 salamander mystics
  10 skysharks
  9 shadow wraiths
  31 sixfirhies
  A spectral bunyip (Tar:1)
  40 skeletal warriors
  6 cherubim
  4 shadow demons
  A bunyip zombie (Crypt:3)
  3 golden dragon zombies
  9 iron trolls
  2 orange crystal statues (Abyss:4)
  23 sea snakes
  A spectral hydra (Tar:5)
  49 deep trolls
  An anaconda zombie (Crypt:1)
  6 flayed ghosts
  A spark wasp zombie (Hell)
  9 starcursed masses
  15 deep elf archers
  2 spectral iron dragons
  A spriggan simulacrum (Coc:5)
  7 naga ritualists
  16 ironbound convokers
  18 phantasmal warriors
  5 swamp dragons (Lair:3)
  A bunyip skeleton (Crypt:2)
  A lindwurm (shapeshifter) (Vaults:4)
  2 tengu zombies
  19 deep elf zephyrmancers
  A fenstrider witch simulacrum (Coc:2)
  8 wizards
  11 orc knights
  A wolf spider (shapeshifter) (Depths:1)
  12 necromancers
  16 harpies
  14 lindwurms
  18 mana vipers
  A spectral ettin (Tar:1)
  An alligator zombie (Crypt:2)
  18 manticores
  4 orc sorcerers
  A frost giant zombie (D:14)
  A golden dragon skeleton (D:15)
  16 cyclopes
  A will-o-the-wisp (Abyss:4)
  48 ugly things
  A stone giant zombie (D:14)
  22 deep elf pyromancers
  16 salamanders
  A worldbinder (Abyss:4)
  2 spectral centaurs (Tar:2)
  2 wolf spiders (Lair:2)
  A manticore (shapeshifter) (Depths:2)
  A frost giant skeleton (Crypt:2)
  25 moths of wrath
  6 fauns
  An elephant (shapeshifter) (Vaults:5)
  Maurice (D:8)
  5 guardian serpents
  5 rust devils
  28 black mambas
  2 fire giant skeletons
  23 cane toads
  16 naga magi
  4 merfolk sirens
  11 spectral swamp worms (Tar:7)
  2 apocalypse crabs
  2 titan simulacra
  25 elephants
  32 orange demons
  16 vault sentinels
  7 ice statues
  4 water nymphs
  Jeremiah (D:7)
  A torpor snail (Lair:5)
  4 centaur skeletons (D:14)
  40 large abominations
  27 smoke demons
  4 rime drakes
  11 spriggan zombies
  10 hellions
  13 tormentors
  5 efreet
  A minotaur zombie (Crypt:3)
  2 unseen horrors
  An alligator snapping turtle skeleton (Abyss:4)
  6 komodo dragons
  3 bunyip simulacra
  2 anaconda simulacra (Coc:4)
  A red draconian zombie (Crypt:3)
  4 ice devils (Pan)
  A spectral demonspawn (Tar:2)
  A spectral two-headed ogre (Tar:2)
  5 freezing wraiths
  20 yaktaurs
  3 spectral nagas
  3 harpy zombies
  3 iron giant simulacra
  5 silent spectres
  9 guardian mummies
  24 wind drakes
  4 red devils (Pan)
  10 tengu conjurers
  17 trolls
  A grey draconian skeleton (Crypt:2)
  24 merfolk
  A green draconian skeleton (Crypt:1)
  3 spectral harpies
  2 ancient zymes
  A tengu simulacrum (Coc:2)
  19 hellwings
  A meliai (D:11)
  10 hornets
  7 raiju
  21 blink frogs
  A stone giant simulacrum (Crypt:2)
  An iron dragon simulacrum (Coc:1)
  A raiju (shapeshifter) (D:15)
  A harpy skeleton (Tomb:1)
  11 snapping turtles
  3 ettin zombies
  24 dream sheep
  11 flying skulls
  A jumping spider (Vaults:2)
  3 air elementals
  2 ice dragon skeletons (Crypt:1)
  2 black mamba zombies
  Sigmund (D:3)
  4 centaur simulacra
  A shadow (D:10)
  A hog (Snake:1)
  4 wyverns
  5 ushabtiu
  A vampire (D:11)
  9 water elementals
  12 ynoxinuls (Pan)
  4 dire elephant simulacra
  48 yaks
  A spriggan skeleton (D:14)
  Eustachio (D:5)
  7 basilisks
  17 wraiths
  A steam dragon (Lair:4)
  A fire elemental (Elf:2)
  2 black mamba skeletons
  3 redbacks (Vaults:3)
  A fire bat (shapeshifter) (Abyss:4)
  23 neqoxecs
  16 vampire mosquitoes
  14 chaos spawn
  6 wargs
  A fire bat zombie (Crypt:1)
  Menkaure (D:4)
  A glowing shapeshifter zombie (Hell)
  2 acid dragons
  11 harpy simulacra
  4 hydra simulacra
  46 nagas
  A two-headed ogre zombie (Crypt:3)
  16 water moccasins
  A two-headed ogre skeleton (Crypt:3)
  2 glowing shapeshifter skeletons
  3 hell hounds (Abyss:4)
  4 black bears
  A meliai simulacrum (D:14)
  2 ice beasts
  10 small abominations
  17 orc warriors
  19 wolves
  A blink frog zombie (Crypt:1)
  An ettin simulacrum (Coc:2)
  26 ogres
  7 boggarts
  A dream sheep skeleton (Crypt:2)
  7 centaurs
  A phantom (D:4)
  5 kobold brigands
  10 bullfrogs
  A naga simulacrum (Coc:1)
  A draconian zombie (Crypt:1)
  4 scorpions
  A wyvern zombie (D:6)
  A komodo dragon zombie (Crypt:1)
  3 cane toad simulacra (IceCv)
  3 earth elementals
  A gnoll sergeant (D:10)
  A salamander skeleton (Crypt:2)
  8 wights
  6 killer bees (D:9)
  An elephant simulacrum (IceCv)
  A swamp dragon simulacrum (Coc:1)
  4 electric eels (Snake:2)
  2 howler monkeys
  A crimson imp (Abyss:3)
  5 hounds (D:9)
  A quasit (Abyss:3)
  A human zombie (Crypt:1)
  A bullfrog zombie (D:6)
  12 orc priests
  An iron imp (Abyss:4)
  A boggart zombie (D:13)
  3 sleepcaps
  Natasha (D:2)
  3 iguanas
  19 orc wizards
  4 hell rats (Lair:5)
  2 polar bear simulacra (IceCv)
  A wolf simulacrum (IceCv)
  3 naga zombies
  A sky beast zombie (Crypt:3)
  A boggart simulacrum (D:13)
  16 mummies
  7 gnolls
  8 adders
  5 river rats
  3 white imps
  2 ufetubi
  A lava snake zombie (Crypt:2)
  An adder zombie (Crypt:3)
  4 worms
  A dart slug (D:1)
  62 orcs
  6 ball pythons
  10 bats
  4 endoplasms
  2 giant cockroaches (D:1)
  8 goblins
  10 hobgoblins
  12 jackals
  4 quokkas
  9 frilled lizards
  A giant cockroach zombie (Crypt:3)
  21 kobolds
  10 rats
  4 ball lightnings (Pan)
  2 lurking horrors (Abyss:2)
  A starspawn tentacle (Abyss:2)
  A tentacle (Tar:7)
3174 creatures vanquished.

Vanquished Creatures (collateral kills)
  Rupert (Lair:4)
  A deep elf sorcerer (Elf:3)
  Fannar (Lair:1)
  2 boulder beetles (D:10)
  A two-headed ogre (D:10)
  A deep elf knight (Elf:2)
  A deep elf archer (Elf:2)
  A deep elf pyromancer (Elf:2)
  A manticore (Lair:5)
  A cyclops (D:10)
  An elephant (Lair:4)
  An ice statue (IceCv)
  A komodo dragon (D:6)
  A dire elephant simulacrum (IceCv)
  A hydra simulacrum (IceCv)
  An ogre (D:5)
  A centaur (D:7)
18 creatures vanquished.

Vanquished Creatures (others)
  2 shard shrikes
  A bone dragon (Tar:2)
  Zenata (Vaults:3)
  A lich (Vaults:5)
  A titan (Vaults:5)
  2 eldritch tentacles (Depths:1)
  2 formless jellyfish
  A rockslime (Depths:1)
  A draconian knight (Zot:4)
  An azure jelly (Coc:3)
  4 quicksilver oozes (Depths:1)
  A vault warden (Vaults:4)
  A shard shrike simulacrum (Coc:5)
  A draconian annihilator (Pan)
  A stone giant (Depths:1)
  2 demonspawn blood saints (Pan)
  A putrid mouth (Hell)
  A demonspawn black sun (Pan)
  A lorocyproca (Pan)
  3 jiangshi (Depths:1)
  A blizzard demon (Pan)
  An eidolon (Tar:2)
  9 great orbs of eyes
  A fire dragon (Depths:1)
  A juggernaut simulacrum (Coc:5)
  A caustic shrike simulacrum (Coc:4)
  A spriggan air mage (Depths:3)
  An anaconda (Abyss:3)
  A tengu warrior (Depths:1)
  A two-headed ogre (D:13)
  A vampire mage (Depths:1)
  A deep elf knight (Elf:3)
  A soul eater (Pan)
  6 sun demons (Pan)
  A skyshark (shapeshifter) (Vaults:1)
  A sixfirhy (Pan)
  A glowing orange brain (shapeshifter) (Vaults:5)
  4 deep trolls
  A quicksilver dragon simulacrum (Coc:5)
  7 glowing orange brains
  5 wizards
  A phantasmal warrior (D:13)
  A spriggan simulacrum (Coc:2)
  A harpy (Vaults:2)
  A lindwurm (Vaults:2)
  3 ironbound convokers
  A necromancer (Depths:1)
  A deep elf zephyrmancer (Elf:1)
  A shining eye (shapeshifter) (Vaults:5)
  A faun (Shoals:3)
  3 cyclopes
  2 moths of wrath (Zot:1)
  3 shining eyes
  A vault sentinel (Vaults:3)
  An eye of devastation (shapeshifter) (Vaults:5)
  An elephant (Lair:4)
  2 eyes of devastation (Pan)
  A cane toad (shapeshifter) (Vaults:1)
  A smoke demon (Pan)
  A yaktaur (Vaults:1)
  A hellion (Pan)
  2 tengu conjurers
  A tormentor (Pan)
  A freezing wraith (Coc:2)
  A red devil (Hell)
  A merfolk (Shoals:3)
  2 trolls
  30 slime creatures
  3 wind drakes (Pan)
  5 dream sheep
  A stone giant simulacrum (Coc:4)
  A blink frog (shapeshifter) (Depths:3)
  A yak (Lair:1)
  A water elemental (Shoals:3)
  2 neqoxecs (Pan)
  2 large abominations (Pan)
  2 humans (Snake:1)
  2 vampire mosquitoes
  2 chaos spawn (Pan)
  4 golden eyes (Pan)
  3 harpy simulacra
  A water moccasin (D:9)
  A floating eye (shapeshifter) (Vaults:5)
  6 floating eyes
  A swamp drake (Abyss:3)
  A sky beast (D:7)
  An ettin simulacrum (Coc:2)
  A wolf (Lair:2)
  A bullfrog (Lair:2)
  A small abomination (Abyss:2)
  338 jellies
  2 iguanas (D:5)
  2 orc wizards (D:9)
  Natasha (D:2)
  A mummy (Tomb:1)
  An adder (D:5)
  2 gnolls (D:5)
  A river rat (Sewer)
  An ufetubus (D:5)
  19 orcs
  4 ball pythons
  2 bats
  3 goblins
  2 jackals (Sewer)
  2 quokkas
  A frilled lizard (Sewer)
  10 ball lightnings (Pan)
  A creeping inferno (Hell)
  9 starspawn tentacles
  8 tentacles (Tar:7)
595 creatures vanquished.

Grand Total: 3787 creatures vanquished

Notes
Turn   | Place    | Note
-------+----------+-------------------------------------------
     0 | D:1      | Opifex the Gargoyle Hunter began the quest for the Orb.
     0 | D:1      | Reached XP level 1. HP: 12/12 MP: 1/1
    43 | D:1      | Reached XP level 2. HP: 7/17 MP: 2/2
   390 | D:1      | Reached XP level 3. HP: 21/21 MP: 3/3
   472 | D:1      | Reached skill level 5 in Ranged Weapons
  1233 | D:2      | Reached XP level 4. HP: 26/26 MP: 4/4
  1419 | D:2      | Found a faded altar of an unknown god.
  1428 | D:2      | Prayed at the altar of an unknown god.
  1428 | D:2      | Became a worshipper of Jiyva Juojuam the Shapeless
  1428 | D:2      | Reached * piety under Jiyva
  1481 | D:2      | Noticed Natasha
  1484 | D:2      | Killed Natasha
  1632 | D:2      | Noticed Natasha
  1638 | D:2      | Killed Natasha
  1720 | D:2      | Reached XP level 5. HP: 30/30 MP: 5/5
  1855 | D:3      | Reached ** piety under Jiyva
  1873 | D:3      | Noticed Sigmund
  1890 | D:3      | Killed Sigmund
  1891 | D:3      | Reached XP level 6. HP: 35/36 MP: 6/6
  2084 | D:3      | Found a sacrificial altar of Ru.
  2160 | D:3      | Reached *** piety under Jiyva
  2635 | D:4      | Noticed Menkaure
  2644 | D:4      | Killed Menkaure
  2645 | D:4      | Reached skill level 1 in Armour
  2645 | D:4      | Reached XP level 7. HP: 26/40 MP: 7/7
  2677 | D:4      | Found a broken altar of Ashenzari.
  2796 | D:4      | Found a glowing drain.
  2812 | Sewer    | Entered a sewer
  2879 | Sewer    | Reached **** piety under Jiyva
  2928 | Sewer    | Gained mutation: Your body has grown eyes which may confuse
                  | attackers. (Acc +3) [Jiyva's grace]
  2928 | Sewer    | Gained mutation: Your body has grown many eyes which may
                  | confuse attackers. (Acc +5) [Jiyva's grace]
  2928 | Sewer    | Gained mutation: Your body is covered in eyes which may
                  | confuse attackers. (Acc +7, SInv) [Jiyva's grace]
  2928 | Sewer    | Gained mutation: You have acidic saliva. [Jiyva's grace]
  3590 | D:4      | Found a burning altar of Makhleb.
  4384 | D:5      | Entered Level 5 of the Dungeon
  4406 | D:5      | Reached XP level 8. HP: 48/48 MP: 8/8
  4418 | D:5      | Reached ***** piety under Jiyva
  4418 | D:5      | Found a white marble altar of Elyvilon.
  4708 | D:5      | Found a shadowy altar of Dithmenos.
  4838 | D:5      | Found an iron altar of Okawaru.
  5044 | D:5      | Noticed Eustachio
  5063 | D:5      | Killed Eustachio
  5064 | D:5      | Reached skill level 10 in Ranged Weapons
  5414 | D:6      | Noticed a komodo dragon
  5432 | D:6      | Lost mutation: Your body is covered in eyes which may
                  | confuse attackers. (Acc +7, SInv) [Jiyva's grace]
  5432 | D:6      | Lost mutation: Your body has grown many eyes which may
                  | confuse attackers. (Acc +5) [Jiyva's grace]
  5432 | D:6      | Gained mutation: Armour fits poorly on your pseudopods.
                  | [Jiyva's grace]
  5432 | D:6      | Gained mutation: Armour fits poorly on your large
                  | pseudopods. [Jiyva's grace]
  5432 | D:6      | Gained mutation: Armour fits poorly on your massive
                  | pseudopods. [Jiyva's grace]
  5432 | D:6      | Gained mutation: You have supernaturally acute eyesight.
                  | (SInv) [Jiyva's grace]
  5437 | D:6      | Killed a komodo dragon
  5438 | D:6      | Reached XP level 9. HP: 25/52 MP: 9/9
  5543 | D:6      | Found a runed translucent gate.
  5543 | D:6      | Found a runed translucent gate.
  5543 | D:6      | Found a runed translucent gate.
  5543 | D:6      | Noticed voshxx's ghost (amateur DrAE)
  5545 | D:6      | Found a basalt altar of Yredelemnul.
  6001 | D:7      | Reached skill level 5 in Fighting
  6014 | D:7      | Found a staircase to the Ecumenical Temple.
  6041 | D:7      | Identified the +4 leather armour "Cenaul Cuphe" {Dex+3}
  6109 | D:7      | Noticed Jeremiah
  6161 | D:7      | Killed Jeremiah
  6429 | D:8      | Found Heomac's Antique Weapon Shoppe.
  6449 | D:8      | Reached ****** piety under Jiyva
  6534 | D:8      | Reached XP level 10. HP: 60/60 MP: 10/10
  6651 | D:8      | Noticed Maurice
  6677 | D:8      | Killed Maurice
  7039 | D:9      | Found a staircase to the Lair.
  7195 | D:9      | Lost mutation: Armour fits poorly on your massive
                  | pseudopods. [Jiyva's grace]
  7195 | D:9      | Gained mutation: Your natural rate of healing is unusually
                  | fast. [Jiyva's grace]
  7195 | D:9      | Gained mutation: You heal very quickly. [Jiyva's grace]
  7195 | D:9      | Gained mutation: You regenerate. [Jiyva's grace]
  7195 | D:9      | Gained mutation: You have a small jelly attached to you
                  | that may absorb projectiles. [Jiyva's grace]
  7247 | D:9      | Found a staircase to the Orcish Mines.
  7763 | D:10     | Entered Level 10 of the Dungeon
  7854 | D:10     | Reached XP level 11. HP: 67/67 MP: 11/11
  7896 | D:10     | Reached skill level 15 in Ranged Weapons
  8012 | D:10     | Found a large runed translucent door.
  8012 | D:10     | Found a large runed translucent door.
  8019 | D:10     | Noticed a boulder beetle
  8026 | D:10     | Found a large runed translucent door.
  8026 | D:10     | Found a large runed translucent door.
  8046 | D:10     | Noticed Erolcha
  8055 | D:10     | Killed Erolcha
  8125 | D:10     | Found a glowing silver altar of Zin.
  8184 | D:10     | Noticed a boulder beetle
  8205 | D:10     | Killed a boulder beetle
  8238 | D:10     | Noticed a boulder beetle
  8253 | D:10     | Killed a boulder beetle
  8265 | D:10     | Lost mutation: You have a small jelly attached to you that
                  | may absorb projectiles. [Jiyva's grace]
  8265 | D:10     | Gained mutation: You have a small jelly attached to you
                  | that may absorb projectiles. [Jiyva's grace]
  8265 | D:10     | Gained mutation: You have sharp toenails. [Jiyva's grace]
  8265 | D:10     | Gained mutation: You have razor-sharp toenails. [Jiyva's
                  | grace]
  8265 | D:10     | Gained mutation: You have claws for feet. [Jiyva's grace]
  8362 | D:10     | Noticed a manticore
  8371 | D:10     | Killed a manticore
  8382 | D:10     | Noticed a two-headed ogre
  8384 | D:10     | Noticed a cyclops
  8406 | D:10     | Killed a two-headed ogre
  8409 | D:10     | Killed a cyclops
  8511 | D:10     | Killed a boulder beetle
  8517 | D:10     | Identified the +9 longbow "Rygrun" {freeze, Fragile rElec
                  | rN+ Dex+6}
  8566 | Lair:1   | Entered Level 1 of the Lair of Beasts
  8566 | Lair:1   | Found a frozen archway.
  8588 | IceCv    | Entered an ice cave
  8712 | IceCv    | Noticed a white ugly thing
  8716 | IceCv    | Killed a white ugly thing
  8717 | IceCv    | Reached XP level 12. HP: 75/75 MP: 12/12
  8861 | Lair:1   | Identified the +0 ring mail "Puasar" {rElec}
  8887 | Lair:1   | Noticed Fannar
  8893 | Lair:1   | Killed Fannar
  9288 | Lair:1   | Lost mutation: You have claws for feet. [Jiyva's grace]
  9288 | Lair:1   | Lost mutation: You have razor-sharp toenails. [Jiyva's
                  | grace]
  9288 | Lair:1   | Gained mutation: Your spells are a little harder to cast,
                  | but a little more powerful. [Jiyva's grace]
  9288 | Lair:1   | Gained mutation: Your spells are harder to cast, but more
                  | powerful. [Jiyva's grace]
  9288 | Lair:1   | Gained mutation: Your spells are much harder to cast, but
                  | much more powerful. [Jiyva's grace]
  9288 | Lair:1   | Gained mutation: You are robust. (+10% HP) [Jiyva's grace]
  9594 | Lair:2   | Reached skill level 10 in Fighting
  9702 | Lair:2   | Reached XP level 13. HP: 90/90 MP: 13/13
  9712 | Lair:2   | Found a staircase to the Snake Pit.
  9798 | Lair:2   | Found a staircase to the Shoals.
 10535 | Lair:3   | Lost mutation: You have supernaturally acute eyesight.
                  | (SInv) [Jiyva's grace]
 10535 | Lair:3   | Gained mutation: Armour fits poorly on your massive
                  | pseudopods. [Jiyva's grace]
 10535 | Lair:3   | Gained mutation: You possess an exceptional clarity of
                  | mind. [Jiyva's grace]
 10535 | Lair:3   | Gained mutation: Your melee attacks may engulf your foes in
                  | ooze. [Jiyva's grace]
 10535 | Lair:3   | Gained mutation: You have a pair of small antennae on your
                  | head. [Jiyva's grace]
 10664 | Lair:3   | Found a transporter.
 10988 | Lair:3   | Found a transporter.
 11225 | Lair:3   | Identified the +4 spear "Wel Jucs" {freeze, rN+}
 11248 | Lair:4   | Found a staircase to the Slime Pits.
 11343 | Lair:4   | Gained mutation: Your large and strong wings let you fly.
                  | [Gargoyle growth]
 11343 | Lair:4   | Reached XP level 14. HP: 99/99 MP: 14/14
 11431 | Lair:4   | Noticed Rupert
 11453 | Lair:4   | Killed Rupert
 11674 | Lair:4   | Found the +1 cloak of Starlight {*Dazzle EV+4 Stlth--}
 12006 | Slime:1  | Entered Level 1 of the Pits of Slime
 12008 | Slime:1  | Noticed an acid blob
 12011 | Slime:1  | Noticed an azure jelly
 12012 | Slime:1  | Noticed a rockslime
 12012 | Slime:1  | Noticed an acid blob
 12013 | Slime:1  | Noticed a rockslime
 12024 | Slime:1  | Noticed an acid blob
 12041 | Slime:3  | Noticed an acid blob
 12055 | Slime:4  | Noticed a quicksilver ooze
 12066 | Slime:4  | Noticed an acid blob
 12071 | Slime:5  | Entered Level 5 of the Pits of Slime
 12089 | Slime:5  | Noticed an acid blob
 12090 | Slime:5  | Found a viscous altar of Jiyva.
 12093 | Slime:5  | Identified the +8 sling of the Many Places {heavy, rN+ MP+9
                  | Int-5 SInv}
 12096 | Slime:5  | Got the Information on Changing Stones
 12100 | Slime:5  | Noticed an acid blob
 12101 | Slime:5  | Noticed a rockslime
 12108 | Slime:5  | Got a slimy rune of Zot
 12109 | Slime:5  | Identified the ring of Assun {rF++ Str+6}
 12117 | Slime:5  | Noticed an acid blob
 12124 | Slime:5  | Noticed the Royal Jelly
 12130 | Slime:5  | Identified the staff "Usuv" {rElec rC+ Will+ Ice}
 12133 | Slime:5  | Got Sif Muna's Notes on the Brumal Charnel House
 12140 | Slime:5  | Identified the +10 plate armour of the World {+Blink Str-4
                  | Slay+3}
 12198 | Slime:1  | Noticed an acid blob
 12214 | Lair:5   | Entered Level 5 of the Lair of Beasts
 12548 | Lair:5   | Reached XP level 15. HP: 83/107 MP: 15/15
 12713 | Lair:5   | Lost mutation: You have a pair of small antennae on your
                  | head. [Jiyva's grace]
 12713 | Lair:5   | Lost mutation: You possess an exceptional clarity of mind.
                  | [Jiyva's grace]
 12713 | Lair:5   | Lost mutation: You are robust. (+10% HP) [Jiyva's grace]
 12713 | Lair:5   | Lost mutation: Armour fits poorly on your massive
                  | pseudopods. [Jiyva's grace]
 12713 | Lair:5   | Lost mutation: Armour fits poorly on your large pseudopods.
                  | [Jiyva's grace]
 12713 | Lair:5   | Gained mutation: You are agile. (Dex +4, Str/Int -1)
                  | [Jiyva's grace]
 12713 | Lair:5   | Gained mutation: You are very agile. (Dex +8, Str/Int -2)
                  | [Jiyva's grace]
 12713 | Lair:5   | Gained mutation: You expend magic power (3 MP) to
                  | strengthen your wands. [Jiyva's grace]
 12713 | Lair:5   | Gained mutation: You are covered in slimy tendrils that may
                  | disarm your opponents. [Jiyva's grace]
 13096 | Lair:5   | Identified the +3 robe "Yfa Motwyo" {rElec rPois rCorr
                  | Slay+2}
 13261 | Lair:5   | Upgraded the game from 0.31-a0-664-g902f515a81 to
                  | 0.31-a0-667-g39726597b9
 13387 | Orc:1    | Entered Level 1 of the Orcish Mines
 13425 | Orc:1    | Noticed Sonja
 13431 | Orc:1    | Killed Sonja
 13802 | Orc:2    | Entered Level 2 of the Orcish Mines
 13802 | Orc:2    | Found Pimeummu's Armour Boutique.
 13953 | Orc:2    | Reached skill level 5 in Armour
 13979 | Orc:2    | Reached skill level 5 in Dodging
 14098 | Orc:2    | Found Foimoaf's Weapon Shoppe.
 14105 | Orc:2    | Found Vyda's Distillery.
 14106 | Orc:2    | Found Suqorouc's Assorted Antiques.
 14106 | Orc:2    | Found Zulaeck's Distillery.
 14113 | Orc:2    | Bought a potion of haste for 140 gold pieces
 14113 | Orc:2    | Bought a potion of heal wounds for 70 gold pieces
 14127 | Orc:2    | Bought a scroll of identify for 60 gold pieces
 14127 | Orc:2    | Bought a scroll of identify for 60 gold pieces
 14132 | Orc:2    | Bought a potion of mutation for 128 gold pieces
 14239 | Orc:2    | Lost mutation: You are very agile. (Dex +8, Str/Int -2)
                  | [Jiyva's grace]
 14239 | Orc:2    | Lost mutation: You regenerate. [Jiyva's grace]
 14239 | Orc:2    | Lost mutation: You heal very quickly. [Jiyva's grace]
 14239 | Orc:2    | Lost mutation: You have acidic saliva. [Jiyva's grace]
 14239 | Orc:2    | Gained mutation: Your flesh is heat resistant. (rF+)
                  | [Jiyva's grace]
 14239 | Orc:2    | Gained mutation: Your flesh is very heat resistant. (rF++)
                  | [Jiyva's grace]
 14239 | Orc:2    | Gained mutation: Your flesh is almost immune to the effects
                  | of heat. (rF+++) [Jiyva's grace]
 14239 | Orc:2    | Gained mutation: Your flesh is cold resistant. (rC+)
                  | [Jiyva's grace]
 14272 | Orc:2    | Found a staircase to the Elven Halls.
 14555 | Elf:1    | Entered Level 1 of the Elven Halls
 14618 | Elf:1    | Found Zegupt's Book Boutique.
 14665 | Elf:1    | Reached XP level 16. HP: 107/107 MP: 16/16
 14742 | Elf:1    | Got the Tempter's Parchment of Forbidden Fruit
 14892 | Elf:1    | Reached skill level 15 in Fighting
 15045 | Elf:1    | Paralysed by an air elemental for 1 turns
 15050 | Elf:1    | Identified the +3 ring mail of Starshine {rN+}
 15900 | Elf:2    | Found a runed translucent gate.
 15901 | Elf:2    | Found a runed translucent gate.
 15901 | Elf:2    | Found a runed translucent gate.
 15940 | Elf:2    | Identified the +0 robe "Biggif" {Int+4}
 15957 | Elf:2    | Lost mutation: You have sharp toenails. [Jiyva's grace]
 15957 | Elf:2    | Lost mutation: Your spells are much harder to cast, but
                  | much more powerful. [Jiyva's grace]
 15957 | Elf:2    | Lost mutation: Your spells are harder to cast, but more
                  | powerful. [Jiyva's grace]
 15957 | Elf:2    | Lost mutation: You have a small jelly attached to you that
                  | may absorb projectiles. [Jiyva's grace]
 15957 | Elf:2    | Gained mutation: You have a beak for a mouth. [Jiyva's
                  | grace]
 15957 | Elf:2    | Gained mutation: You heal very quickly. [Jiyva's grace]
 15957 | Elf:2    | Gained mutation: You regenerate. [Jiyva's grace]
 15957 | Elf:2    | Gained mutation: You have large cloven feet. [Jiyva's
                  | grace]
 16075 | Elf:3    | Entered Level 3 of the Elven Halls
 16182 | Elf:3    | Found Nuop's Assorted Antiques.
 16215 | Elf:3    | Noticed a deep elf blademaster
 16218 | Elf:3    | Noticed a deep elf blademaster
 16566 | Elf:3    | Reached XP level 17. HP: 112/115 MP: 17/17
 16608 | Elf:3    | Noticed a Brimstone Fiend
 16609 | Elf:3    | Noticed a Hell Sentinel
 16694 | Elf:3    | Noticed a deep elf master archer
 16698 | Elf:3    | Killed a deep elf master archer
 16843 | Elf:3    | Noticed a deep elf master archer
 16852 | Elf:3    | Killed a deep elf master archer
 16862 | Elf:3    | Identified the +3 hand axe "Dilluode" {flame, *Rage rPois
                  | Will+ Str+3}
 16867 | Elf:3    | Identified the +7 quarterstaff "Tigheir" {heavy, Int+3}
 17124 | Elf:3    | Killed a deep elf blademaster
 17408 | Shoals:1 | Entered Level 1 of the Shoals
 17648 | Shoals:1 | Lost mutation: You have large cloven feet. [Jiyva's grace]
 17648 | Shoals:1 | Lost mutation: Your flesh is cold resistant. (rC+) [Jiyva's
                  | grace]
 17648 | Shoals:1 | Lost mutation: Your flesh is almost immune to the effects
                  | of heat. (rF+++) [Jiyva's grace]
 17648 | Shoals:1 | Gained mutation: You have hidden genetic potential.
                  | [Jiyva's grace]
 17648 | Shoals:1 | Gained mutation: You have great hidden genetic potential.
                  | [Jiyva's grace]
 17648 | Shoals:1 | Gained mutation: Your muscles are strong. (Str +4, Int/Dex
                  | -1) [Jiyva's grace]
 17648 | Shoals:1 | Gained mutation: Your muscles are very strong. (Str +8,
                  | Int/Dex -2) [Jiyva's grace]
 18573 | Shoals:2 | You are sucked into a shaft and drop 1 floor!
 18660 | Shoals:3 | Reached XP level 18. HP: 117/124 MP: 18/18
 19073 | Shoals:3 | Lost mutation: You have a beak for a mouth. [Jiyva's grace]
 19073 | Shoals:3 | Lost mutation: Your muscles are very strong. (Str +8,
                  | Int/Dex -2) [Jiyva's grace]
 19073 | Shoals:3 | Lost mutation: Your spells are a little harder to cast, but
                  | a little more powerful. [Jiyva's grace]
 19073 | Shoals:3 | Lost mutation: You are covered in slimy tendrils that may
                  | disarm your opponents. [Jiyva's grace]
 19073 | Shoals:3 | Gained mutation: Your flesh is cold resistant. (rC+)
                  | [Jiyva's grace]
 19073 | Shoals:3 | Gained mutation: Your flesh is very cold resistant. (rC++)
                  | [Jiyva's grace]
 19073 | Shoals:3 | Gained mutation: Your flesh is almost immune to the effects
                  | of cold. (rC+++) [Jiyva's grace]
 19073 | Shoals:3 | Gained mutation: You have a pair of small antennae on your
                  | head. [Jiyva's grace]
 19641 | Shoals:4 | Entered Level 4 of the Shoals
 19641 | Shoals:4 | Noticed Mara
 19654 | Shoals:4 | Noticed Opifex's illusion
 19826 | Shoals:4 | Found a white marble altar of Elyvilon.
 19871 | Shoals:4 | Noticed Mlioglotl
 19885 | Shoals:4 | Killed Mlioglotl
 19913 | Shoals:4 | Identified the +1 leather armour of Zin's Pride {*Corrode
                  | Int+4 Dex+4}
 19916 | Shoals:4 | Got the Elucidation of the Arsonist
 20009 | Shoals:4 | Found a glowing golden altar of the Shining One.
 20091 | Shoals:4 | Got a barnacled rune of Zot
 20127 | Shoals:4 | Found a glowing silver altar of Zin.
 20133 | Shoals:4 | Gained mutation: You have sharp toenails. [hidden
                  | potential]
 20149 | Shoals:4 | Noticed Opifex's illusion
 20157 | Shoals:4 | Noticed Polyphemus
 20161 | Shoals:4 | Noticed Opifex's illusion
 20175 | Shoals:4 | Killed Polyphemus
 20340 | Shoals:4 | Noticed Opifex's illusion
 20346 | Shoals:4 | Killed Mara
 20814 | Snake:1  | Entered Level 1 of the Snake Pit
 20900 | Snake:1  | Noticed Asterion
 20906 | Snake:1  | Killed Asterion
 21181 | Snake:1  | Noticed Kirke
 21188 | Snake:1  | Killed Kirke
 21189 | Snake:1  | Reached XP level 19. HP: 132/132 MP: 19/19
 21848 | Snake:2  | Lost mutation: You have a pair of small antennae on your
                  | head. [Jiyva's grace]
 21848 | Snake:2  | Lost mutation: You have sharp toenails. [Jiyva's grace]
 21848 | Snake:2  | Lost mutation: Your flesh is almost immune to the effects
                  | of cold. (rC+++) [Jiyva's grace]
 21848 | Snake:2  | Lost mutation: Your flesh is very heat resistant. (rF++)
                  | [Jiyva's grace]
 21848 | Snake:2  | Lost mutation: You regenerate. [Jiyva's grace]
 21848 | Snake:2  | Lost mutation: You heal very quickly. [Jiyva's grace]
 21848 | Snake:2  | Lost mutation: Your body has grown eyes which may confuse
                  | attackers. (Acc +3) [Jiyva's grace]
 21848 | Snake:2  | Lost mutation: Armour fits poorly on your pseudopods.
                  | [Jiyva's grace]
 21848 | Snake:2  | Gained mutation: You possess an exceptional clarity of
                  | mind. [Jiyva's grace]
 21848 | Snake:2  | Gained mutation: Your mind is acute. (Int +4, Str/Dex -1)
                  | [Jiyva's grace]
 21848 | Snake:2  | Gained mutation: Your mind is very acute. (Int +8, Str/Dex
                  | -2) [Jiyva's grace]
 21848 | Snake:2  | Gained mutation: You have a small jelly attached to you
                  | that senses nearby items. [Jiyva's grace]
 22292 | Snake:2  | Identified the ring "Nonkor" {Fire Will++ Str-4 Slay+5}
 22570 | Snake:3  | Reached skill level 27 in Ranged Weapons
 22697 | Snake:3  | Gained mutation: Your movements are slightly less
                  | encumbered by armour. (ER -2) [hidden potential]
 22697 | Snake:3  | Lost mutation: You have great hidden genetic potential.
                  | [hidden potential expressed]
 23121 | Snake:3  | Found a transporter.
 23121 | Snake:3  | Found a transporter.
 23127 | Snake:3  | Found a bloodstained altar of Trog.
 23665 | Snake:3  | Identified the +0 dagger of Jokedoy {freeze, Str+7 Int+3}
 23756 | Snake:4  | Entered Level 4 of the Snake Pit
 23838 | Snake:4  | Got a serpentine rune of Zot
 23884 | Snake:4  | Reached XP level 20. HP: 142/142 MP: 20/20
 23983 | Snake:4  | Lost mutation: You possess an exceptional clarity of mind.
                  | [Jiyva's grace]
 23983 | Snake:4  | Lost mutation: Your movements are slightly less encumbered
                  | by armour. (ER -2) [Jiyva's grace]
 23983 | Snake:4  | Gained mutation: Your flesh is very heat resistant. (rF++)
                  | [Jiyva's grace]
 23983 | Snake:4  | Gained mutation: Your flesh is almost immune to the effects
                  | of heat. (rF+++) [Jiyva's grace]
 23983 | Snake:4  | Gained mutation: You have a pair of small horns on your
                  | head. [Jiyva's grace]
 23983 | Snake:4  | Gained mutation: You have a pair of horns on your head.
                  | [Jiyva's grace]
 24032 | Snake:4  | Noticed Aizul
 24045 | Snake:4  | Killed Aizul
 24360 | Snake:4  | Reached skill level 5 in Stealth
 24483 | Snake:4  | Noticed Agnes
 24497 | Snake:4  | Killed Agnes
 24789 | D:11     | Found Vuet Vee's Book Shop.
 24847 | D:11     | Found the +7 Kryia's mail coat {PotionHeal*2 rC+}
 25004 | D:11     | Found an ancient bone altar of Kikubaaqudgha.
 25338 | D:12     | Lost mutation: You are agile. (Dex +4, Str/Int -1) [Jiyva's
                  | grace]
 25338 | D:12     | Lost mutation: Your mind is very acute. (Int +8, Str/Dex
                  | -2) [Jiyva's grace]
 25338 | D:12     | Lost mutation: Your flesh is very cold resistant. (rC++)
                  | [Jiyva's grace]
 25338 | D:12     | Lost mutation: Your flesh is almost immune to the effects
                  | of heat. (rF+++) [Jiyva's grace]
 25338 | D:12     | Lost mutation: Your flesh is very heat resistant. (rF++)
                  | [Jiyva's grace]
 25338 | D:12     | Lost mutation: Your flesh is heat resistant. (rF+) [Jiyva's
                  | grace]
 25338 | D:12     | Gained mutation: Your translucent skin slightly reduces
                  | your foes' accuracy. (Stealth+) [Jiyva's grace]
 25338 | D:12     | Gained mutation: Your translucent skin reduces your foes'
                  | accuracy. (Stealth+) [Jiyva's grace]
 25338 | D:12     | Gained mutation: Your transparent skin significantly
                  | reduces your foes' accuracy. (Stealth+) [Jiyva's grace]
 25338 | D:12     | Gained mutation: Armour fits poorly on your pseudopods.
                  | [Jiyva's grace]
 25476 | D:12     | Identified the +5 flail "Huasovy" {drain, Fly}
 25605 | D:12     | Found a runed translucent gate.
 25605 | D:12     | Found a runed translucent gate.
 25606 | D:12     | Found a runed translucent gate.
 25608 | D:12     | Noticed Conn's ghost (journeyman OpFE)
 26181 | D:13     | You are sucked into a shaft and drop 1 floor!
 26407 | D:13     | Gained mutation: You have sharp fingernails. [hidden
                  | potential]
 26599 | D:13     | Found a transporter.
 26609 | D:13     | Found a transporter.
 26609 | D:13     | Noticed Jafu's ghost (journeyman DsFi)
 26630 | D:13     | Lost mutation: Your mind is acute. (Int +4, Str/Dex -1)
                  | [Jiyva's grace]
 26630 | D:13     | Lost mutation: Armour fits poorly on your pseudopods.
                  | [Jiyva's grace]
 26630 | D:13     | Lost mutation: Your melee attacks may engulf your foes in
                  | ooze. [Jiyva's grace]
 26630 | D:13     | Gained mutation: You have large cloven feet. [Jiyva's
                  | grace]
 26630 | D:13     | Gained mutation: You have hoof-like feet. [Jiyva's grace]
 26630 | D:13     | Gained mutation: You have hooves in place of feet. [Jiyva's
                  | grace]
 26630 | D:13     | Lost mutation: You have hooves in place of feet. [Jiyva's
                  | grace]
 26630 | D:13     | Lost mutation: You have hoof-like feet. [Jiyva's grace]
 26630 | D:13     | Lost mutation: You have large cloven feet. [Jiyva's grace]
 26630 | D:13     | Gained mutation: You have sharp toenails. [Jiyva's grace]
 26873 | D:13     | Found a portal to a secret trove of treasure.
 27193 | D:13     | Killed Jafu's ghost
 27210 | D:13     | Identified the ring of Past Mistakes {rN+ Int+2 Dex+2}
 27328 | D:14     | Identified the +8 scimitar "Otexoe Kasm" {speed, rF+ Will+
                  | SInv}
 27610 | D:14     | Identified the +4 chain mail of Ferocious Freedom {Contam
                  | rElec rF- Dex+6}
 27655 | D:14     | Found a gate to the Vaults.
 27841 | D:14     | Found the +4 Cigotuvi's embrace {Corpsefed rMiasma Drain
                  | rN+}
 28305 | D:15     | Entered Level 15 of the Dungeon
 28327 | D:15     | Found a staircase to the Depths.
 28793 | D:15     | Found an ornate altar of the Wu Jian Council.
 29058 | Vaults:1 | Entered Level 1 of the Vaults
 29122 | Vaults:1 | Reached XP level 21. HP: 152/152 MP: 21/21
 29398 | Vaults:1 | Lost mutation: Your flesh is cold resistant. (rC+) [Jiyva's
                  | grace]
 29398 | Vaults:1 | Lost mutation: Your transparent skin significantly reduces
                  | your foes' accuracy. (Stealth+) [Jiyva's grace]
 29398 | Vaults:1 | Lost mutation: Your translucent skin reduces your foes'
                  | accuracy. (Stealth+) [Jiyva's grace]
 29398 | Vaults:1 | Lost mutation: You have a small jelly attached to you that
                  | senses nearby items. [Jiyva's grace]
 29398 | Vaults:1 | Gained mutation: You heal very quickly. [Jiyva's grace]
 29398 | Vaults:1 | Gained mutation: You regenerate. [Jiyva's grace]
 29398 | Vaults:1 | Gained mutation: You have acidic saliva. [Jiyva's grace]
 29398 | Vaults:1 | Gained mutation: You are partially covered in iridescent
                  | scales. (AC +2) [Jiyva's grace]
 29462 | Vaults:1 | Identified the +10 scimitar of Muttering Doom {heavy, rF+
                  | rC+ Str-5 Int+3}
 30034 | Vaults:2 | Identified the +1 robe of Mumblety Peg {Rampage rCorr
                  | Str-2}
 30074 | Vaults:2 | Found a magical portal.
 30093 | WizLab   | Entered Yara's Duelist Academy
 30170 | Abyss:2  | Found a corrupted altar of Lugonu.
 30170 | Abyss:2  | Cast into level 2 of the Abyss (a wizard)
 30230 | Abyss:2  | Gained mutation: Your mind is acute. (Int +4, Str/Dex -1)
                  | [hidden potential]
 30230 | Abyss:2  | Lost mutation: You have hidden genetic potential. [hidden
                  | potential expressed]
 30414 | WizLab   | Escaped the Abyss
 30502 | WizLab   | Noticed Laimoq
 30519 | WizLab   | Killed Laimoq the Head Instructor
 30520 | WizLab   | Reached skill level 10 in Dodging
 30624 | WizLab   | Identified the +0 pair of boots of Untruth {*Slow +Blink
                  | rElec Int+2 Slay+2}
 31034 | Vaults:2 | Reached skill level 1 in Shields
 31064 | Vaults:2 | You are sucked into a shaft and drop 1 floor!
 31064 | Vaults:3 | Lost mutation: You have a pair of horns on your head.
                  | [Jiyva's grace]
 31064 | Vaults:3 | Lost mutation: Your mind is acute. (Int +4, Str/Dex -1)
                  | [Jiyva's grace]
 31064 | Vaults:3 | Lost mutation: Your muscles are strong. (Str +4, Int/Dex
                  | -1) [Jiyva's grace]
 31064 | Vaults:3 | Lost mutation: Your translucent skin slightly reduces your
                  | foes' accuracy. (Stealth+) [Jiyva's grace]
 31064 | Vaults:3 | Gained mutation: You passively map a small area around you.
                  | [Jiyva's grace]
 31064 | Vaults:3 | Gained mutation: You passively map the area around you.
                  | [Jiyva's grace]
 31064 | Vaults:3 | Gained mutation: You passively map a large area around you.
                  | [Jiyva's grace]
 31064 | Vaults:3 | Gained mutation: Your rubbery body absorbs attacks. (AC +1,
                  | EV +1) [Jiyva's grace]
 31081 | Vaults:3 | Killed Zenata
 31091 | Vaults:3 | Reached XP level 22. HP: 163/163 MP: 22/22
 32092 | Vaults:3 | Found a runed translucent door.
 32339 | Vaults:3 | Identified the +9 rapier "Goew" {heavy, rN+ rCorr}
 32460 | Vaults:3 | Found a staircase to the Crypt.
 32460 | Vaults:3 | Found a basalt altar of Yredelemnul.
 32461 | Vaults:3 | Found an ancient bone altar of Kikubaaqudgha.
 32670 | Vaults:4 | Lost mutation: You have a pair of small horns on your head.
                  | [Jiyva's grace]
 32670 | Vaults:4 | Lost mutation: You are partially covered in iridescent
                  | scales. (AC +2) [Jiyva's grace]
 32670 | Vaults:4 | Lost mutation: You regenerate. [Jiyva's grace]
 32670 | Vaults:4 | Lost mutation: You have acidic saliva. [Jiyva's grace]
 32670 | Vaults:4 | Gained mutation: You are robust. (+10% HP) [Jiyva's grace]
 32670 | Vaults:4 | Gained mutation: You are very robust. (+20% HP) [Jiyva's
                  | grace]
 32670 | Vaults:4 | Gained mutation: You are extremely robust. (+30% HP)
                  | [Jiyva's grace]
 32670 | Vaults:4 | Gained mutation: You have hidden genetic potential.
                  | [Jiyva's grace]
 32848 | Vaults:4 | Got the Tome of Supportive Alteration
 33632 | Vaults:5 | Entered Level 5 of the Vaults
 33662 | Vaults:5 | Noticed a golden dragon
 33683 | Vaults:5 | Noticed an ancient lich
 33817 | Vaults:5 | Killed a golden dragon
 33827 | Vaults:4 | Killed an ancient lich
 33855 | Vaults:5 | Reached XP level 23. HP: 214/224 MP: 23/23
 33856 | Vaults:5 | Noticed a golden dragon
 33867 | Vaults:5 | Reached skill level 5 in Shields
 33870 | Vaults:4 | Killed a golden dragon
 34451 | Vaults:5 | Gained mutation: Your spells are a little harder to cast,
                  | but a little more powerful. [hidden potential]
 34536 | Vaults:5 | Reached skill level 27 in Fighting
 34561 | Vaults:5 | Paralysed by something for 5 turns
 34849 | Vaults:5 | Identified the +6 glaive "Goblinslayer" {flame, rN+ Str+2
                  | Int+2 Stlth-}
 34858 | Vaults:5 | Identified the ring "Wisarick" {Ice Str+4}
 34860 | Vaults:5 | Identified the +4 orcbow of Laurph {speed, Will- Str+6}
 34863 | Vaults:5 | Identified the +6 morningstar "Pipiha" {elec, rF+ rC+}
 34873 | Vaults:5 | Identified the +11 plate armour of Deddaz Vour {rElec rN+
                  | Str-5 Dex+2}
 34876 | Vaults:5 | Identified the +5 orcbow of Achen {speed, rC+}
 34981 | Vaults:5 | Got a silver rune of Zot
 35065 | Vaults:5 | Lost mutation: You have sharp toenails. [Jiyva's grace]
 35065 | Vaults:5 | Lost mutation: You passively map a large area around you.
                  | [Jiyva's grace]
 35065 | Vaults:5 | Lost mutation: Your spells are a little harder to cast, but
                  | a little more powerful. [Jiyva's grace]
 35065 | Vaults:5 | Lost mutation: Your rubbery body absorbs attacks. (AC +1,
                  | EV +1) [Jiyva's grace]
 35065 | Vaults:5 | Gained mutation: You have great hidden genetic potential.
                  | [Jiyva's grace]
 35065 | Vaults:5 | Gained mutation: You have acidic saliva. [Jiyva's grace]
 35065 | Vaults:5 | Gained mutation: Your rubbery body absorbs attacks. (AC +1,
                  | EV +1) [Jiyva's grace]
 35065 | Vaults:5 | Gained mutation: Your pliable body absorbs attacks. (AC +2,
                  | EV +2) [Jiyva's grace]
 35178 | Vaults:5 | Identified the +8 chain mail of Quantum Leap {Drain rPois
                  | rN+ Dex+4}
 35216 | Vaults:5 | Identified the amulet "Iqoibbea" {Acrobat rPois Int+3}
 35276 | Vaults:5 | Identified the ring of the Cricket {*Corrode rElec rPois
                  | Dex+7}
 35318 | Vaults:5 | Got the Compilation of Force
 35448 | Vaults:5 | Found Gurraodd's Assorted Antiques.
 35451 | Vaults:5 | Bought 2 potions of heal wounds for 470 gold pieces
 35451 | Vaults:5 | Bought a potion of haste for 470 gold pieces
 35455 | Vaults:5 | Got the Octavo of Pessimism
 35772 | D:13     | You paid a toll of 6 potions of haste to enter a treasure
                  | trove
 35773 | Trove    | Entered a treasure trove
 35783 | Trove    | Identified the amulet "Mizxyw" {Faith Fly rN+ SInv}
 35786 | Trove    | Identified the +4 hat of the Prince of Darkness {rC+ Int+2}
 35825 | Trove    | Identified the amulet of Ekun {Faith Dex+7}
 35922 | Depths:1 | Entered Level 1 of the Depths
 35937 | Depths:1 | Found a huge runed gate.
 35937 | Depths:1 | Found a huge runed gate.
 35937 | Depths:1 | Found a huge runed gate.
 35937 | Depths:1 | Found a huge runed gate.
 35938 | Depths:1 | Found a huge runed gate.
 35938 | Depths:1 | You are sucked into a shaft and drop 1 floor!
 35979 | Depths:1 | Found a huge runed gate.
 35979 | Depths:1 | Found a huge runed gate.
 35980 | Depths:1 | Found a huge runed gate.
 35981 | Depths:1 | Found a huge runed gate.
 35981 | Depths:1 | Found a huge runed gate.
 35982 | Depths:1 | Found a huge runed gate.
 35983 | Depths:1 | Found a huge runed gate.
 35983 | Depths:1 | Found a huge runed gate.
 35983 | Depths:1 | Found a huge runed gate.
 35983 | Depths:1 | Found a huge runed gate.
 35990 | Depths:1 | Noticed Lapib's ghost (veteran MfIE)
 35990 | Depths:1 | Noticed Obergh's ghost (journeyman SpBr)
 35990 | Depths:1 | Noticed Fopulom's ghost (veteran GrEE)
 35990 | Depths:1 | Noticed Joepramp's ghost (veteran DjFE)
 35990 | Depths:1 | Noticed Hulu's ghost (veteran GrEE)
 35990 | Depths:1 | Noticed Luec's ghost (veteran DjFE)
 35991 | Depths:1 | Noticed Irekelaa's ghost (journeyman TrMo)
 35992 | Depths:1 | Noticed Luec's ghost (veteran DjFE)
 36012 | Depths:1 | Killed Hulu's ghost
 36038 | Depths:1 | Killed Lapib's ghost
 36062 | Depths:1 | Killed Fopulom's ghost
 36090 | Depths:1 | Killed Luec's ghost
 36094 | Depths:1 | Killed Joepramp's ghost
 36111 | Depths:1 | Killed Obergh's ghost
 36137 | Depths:1 | Killed Luec's ghost
 36145 | Depths:1 | Killed Irekelaa's ghost
 36154 | Depths:1 | Identified the +0 pair of gloves of Natreuth {rN+}
 36229 | Depths:1 | Reached XP level 24. HP: 215/235 MP: 23/23
 36497 | Depths:1 | Reached skill level 15 in Dodging
 36642 | Depths:1 | Identified the +6 battleaxe of Tender Mercy {freeze, rN+
                  | Will+ Int-5}
 36897 | Depths:1 | Found a viscous altar of Jiyva.
 36922 | Depths:1 | Found a gateway to Hell.
 37196 | Depths:2 | Noticed Grunn
 37207 | Depths:2 | Killed Grunn
 37219 | Depths:2 | Noticed a caustic shrike
 37245 | Depths:1 | Killed a caustic shrike
 37307 | Depths:2 | Gained mutation: You are partially covered in iridescent
                  | scales. (AC +2) [hidden potential]
 37307 | Depths:2 | Lost mutation: You have great hidden genetic potential.
                  | [hidden potential expressed]
 37497 | Depths:2 | Found Caxzahio's Jewellery Shoppe.
 37616 | Depths:2 | Identified the +0 chain mail of Duty {rC+ MP+9 Int+3}
 37646 | Depths:2 | Lost mutation: You passively map the area around you.
                  | [Jiyva's grace]
 37646 | Depths:2 | Lost mutation: You are extremely robust. (+30% HP) [Jiyva's
                  | grace]
 37646 | Depths:2 | Lost mutation: You have hidden genetic potential. [Jiyva's
                  | grace]
 37646 | Depths:2 | Lost mutation: You expend magic power (3 MP) to strengthen
                  | your wands. [Jiyva's grace]
 37646 | Depths:2 | Gained mutation: You have a pair of small horns on your
                  | head. [Jiyva's grace]
 37646 | Depths:2 | Gained mutation: You have a pair of horns on your head.
                  | [Jiyva's grace]
 37646 | Depths:2 | Gained mutation: You have a pair of large horns on your
                  | head. [Jiyva's grace]
 37646 | Depths:2 | Gained mutation: You have a small jelly attached to you
                  | that senses nearby items. [Jiyva's grace]
 37706 | Depths:2 | Reached skill level 10 in Shields
 37814 | Depths:2 | Found Pomyuwub's Distillery.
 37818 | Depths:2 | Bought a potion of heal wounds for 75 gold pieces
 37818 | Depths:2 | Bought a potion of heal wounds for 75 gold pieces
 38132 | Depths:2 | Found a one-way gate leading to the halls of Pandemonium.
 38222 | Depths:3 | Noticed Margery
 38251 | Depths:3 | Killed Margery
 38292 | Depths:3 | Noticed Norris
 38312 | Depths:3 | Killed Norris
 38438 | Depths:3 | Identified the +2 morningstar of the Blessed Realm {heavy,
                  | rF+ Dex+3}
 38492 | Depths:3 | Reached XP level 25. HP: 185/224 MP: 23/23
 38517 | Depths:3 | Noticed Frederick
 38531 | Depths:3 | Killed Frederick
 38582 | Depths:3 | Found a one-way gate to the infinite horrors of the Abyss.
 38583 | Depths:3 | Identified the staff of the Ring {rPois rF+ Int+3 Poison}
 38662 | Depths:3 | Reached skill level 10 in Armour
 39151 | Depths:3 | Found a shimmering blue altar of Sif Muna.
 39251 | Depths:4 | Entered Level 4 of the Depths
 39421 | Depths:4 | Found a sacrificial altar of Ru.
 39521 | Depths:4 | Lost mutation: You have sharp fingernails. [Jiyva's grace]
 39521 | Depths:4 | Lost mutation: You have a pair of large horns on your head.
                  | [Jiyva's grace]
 39521 | Depths:4 | Lost mutation: You have a pair of horns on your head.
                  | [Jiyva's grace]
 39521 | Depths:4 | Lost mutation: You passively map a small area around you.
                  | [Jiyva's grace]
 39521 | Depths:4 | Lost mutation: You are very robust. (+20% HP) [Jiyva's
                  | grace]
 39521 | Depths:4 | Lost mutation: Your pliable body absorbs attacks. (AC +2,
                  | EV +2) [Jiyva's grace]
 39521 | Depths:4 | Lost mutation: Your rubbery body absorbs attacks. (AC +1,
                  | EV +1) [Jiyva's grace]
 39521 | Depths:4 | Gained mutation: You have an increased reservoir of magic.
                  | (+10% MP) [Jiyva's grace]
 39521 | Depths:4 | Gained mutation: You have a considerably increased
                  | reservoir of magic. (+20% MP) [Jiyva's grace]
 39521 | Depths:4 | Gained mutation: You have a greatly increased reservoir of
                  | magic. (+30% MP) [Jiyva's grace]
 39521 | Depths:4 | Gained mutation: Your translucent skin slightly reduces
                  | your foes' accuracy. (Stealth+) [Jiyva's grace]
 39549 | Depths:4 | Found a one-way gateway to a ziggurat.
 39767 | Depths:4 | Found a gate to the Realm of Zot.
 40435 | Crypt:1  | Entered Level 1 of the Crypt
 41552 | Crypt:2  | Lost mutation: You have a pair of small horns on your head.
                  | [Jiyva's grace]
 41552 | Crypt:2  | Lost mutation: You heal very quickly. [Jiyva's grace]
 41552 | Crypt:2  | Lost mutation: Your natural rate of healing is unusually
                  | fast. [Jiyva's grace]
 41552 | Crypt:2  | Gained mutation: You possess an exceptional clarity of
                  | mind. [Jiyva's grace]
 41552 | Crypt:2  | Gained mutation: You have sharp fingernails. [Jiyva's
                  | grace]
 41552 | Crypt:2  | Gained mutation: You have very sharp fingernails. [Jiyva's
                  | grace]
 41552 | Crypt:2  | Gained mutation: You have claws for hands. [Jiyva's grace]
 41941 | Crypt:3  | Entered Level 3 of the Crypt
 42092 | Crypt:3  | Reached XP level 26. HP: 212/212 MP: 29/29
 42285 | Crypt:3  | Found a basalt altar of Yredelemnul.
 42318 | Crypt:3  | Noticed Jory
 42327 | Crypt:3  | Identified the ring of Xauch {rC+ rN+ Int+4 SInv}
 42339 | Crypt:3  | Killed Jory
 42365 | Crypt:3  | Identified the ring "Waisaeja" {rN+ Int+3 Slay+6}
 42369 | Crypt:3  | Got the Volume of the Displaced Commander
 42566 | Crypt:3  | Got the Almanac of the Crypt
 43064 | Crypt:3  | Found a staircase to the Tomb.
 43540 | Hell     | Entered the Vestibule of Hell
 43544 | Hell     | Noticed Geryon
 43565 | Hell     | Reached skill level 15 in Shields
 43710 | Hell     | Killed Geryon
 43769 | Hell     | Found a gateway to the freezing wastes of Cocytus.
 43775 | Hell     | Paralysed by a wendigo for 1 turns
 43876 | Hell     | Noticed a dread lich
 43887 | Hell     | Paralysed by a dread lich for 3 turns
 43899 | Hell     | Killed a dread lich
 44121 | Hell     | Found a gateway to the ashen valley of Gehenna.
 44232 | Hell     | Found a gateway to the Iron City of Dis.
 44310 | Hell     | Found a gateway to the decaying netherworld of Tartarus.
 44381 | Tar:1    | Entered Level 1 of Tartarus
 44717 | Tar:2    | HP: 10/212 [hellion/damnation (27)]
 45171 | Tar:3    | Noticed a dread lich
 45182 | Tar:3    | Killed a dread lich
 45183 | Tar:3    | Reached XP level 27. HP: 182/207 MP: 29/29
 45212 | Tar:3    | Noticed a dread lich
 45213 | Tar:3    | Noticed a dread lich
 45216 | Tar:3    | Paralysed by a dread lich for 2 turns
 45219 | Tar:3    | Noticed an ancient lich
 45222 | Tar:3    | Killed a dread lich
 45227 | Tar:3    | Killed a dread lich
 45229 | Tar:3    | Noticed a dread lich
 45234 | Tar:3    | Noticed a dread lich
 45242 | Tar:3    | Paralysed by a dread lich for 2 turns
 45246 | Tar:3    | Killed an ancient lich
 45256 | Tar:3    | Killed a dread lich
 45403 | Tar:3    | Noticed a dread lich
 45408 | Tar:3    | Killed a dread lich
 45421 | Tar:3    | Killed a dread lich
 45556 | Tar:3    | Lost mutation: You have claws for hands. [Jiyva's grace]
 45556 | Tar:3    | Lost mutation: You are partially covered in iridescent
                  | scales. (AC +2) [Jiyva's grace]
 45556 | Tar:3    | Lost mutation: You have acidic saliva. [Jiyva's grace]
 45556 | Tar:3    | Lost mutation: You have a small jelly attached to you that
                  | senses nearby items. [Jiyva's grace]
 45556 | Tar:3    | Gained mutation: Your flesh is heat resistant. (rF+)
                  | [Jiyva's grace]
 45556 | Tar:3    | Gained mutation: Your flesh is very heat resistant. (rF++)
                  | [Jiyva's grace]
 45556 | Tar:3    | Gained mutation: Your flesh is almost immune to the effects
                  | of heat. (rF+++) [Jiyva's grace]
 45556 | Tar:3    | Gained mutation: Your body has grown eyes which may confuse
                  | attackers. (Acc +3) [Jiyva's grace]
 46264 | Tar:7    | Entered Level 7 of Tartarus
 47248 | Tar:7    | Identified the staff "Vivvay" {rCorr Int+4 Earth}
 47251 | Tar:7    | Got Ezacilig's Grimoire of Luminous Kindling
 47465 | Tar:7    | Noticed Ereshkigal
 47831 | Tar:7    | Identified the staff of Disaster {rF+ rN+ Str+3 Int+2 Dex-2
                  | Necro}
 47836 | Tar:7    | Identified the +1 flail of Inconvenience {freeze, rElec}
 47890 | Tar:7    | Identified the +8 war axe "Duetas" {vamp, rC- Int+4}
 47916 | Tar:7    | Killed Ereshkigal
 47928 | Tar:7    | Identified the +7 glaive "Kiolevuv" {chaos, rPois Str+2
                  | Int+3}
 47930 | Tar:7    | Got the Tractate on Pneumatic Changes
 47935 | Tar:7    | Got a bone rune of Zot
 47946 | Tar:7    | Got the Tome of Trauma
 48158 | Coc:1    | Entered Level 1 of Cocytus
 48509 | Coc:3    | Noticed an ancient lich
 48521 | Coc:3    | Killed an ancient lich
 49684 | Depths:3 | Voluntarily entered the Abyss.
 49776 | Abyss:2  | Lost mutation: Your flesh is almost immune to the effects
                  | of heat. (rF+++) [Jiyva's grace]
 49776 | Abyss:2  | Lost mutation: You have a greatly increased reservoir of
                  | magic. (+30% MP) [Jiyva's grace]
 49776 | Abyss:2  | Gained mutation: Your flesh is almost immune to the effects
                  | of heat. (rF+++) [Jiyva's grace]
 49776 | Abyss:2  | Gained mutation: You are partially covered in iridescent
                  | scales. (AC +2) [Jiyva's grace]
 49776 | Abyss:2  | Gained mutation: You are mostly covered in iridescent
                  | scales. (AC +4) [Jiyva's grace]
 49776 | Abyss:2  | Gained mutation: You are completely covered in iridescent
                  | scales. (AC +6) [Jiyva's grace]
 49795 | Abyss:2  | Lost mutation: You are robust. (+10% HP) [a cacodemon]
 50423 | Abyss:4  | Found a corrupted altar of Lugonu.
 50433 | Abyss:4  | Found a corrupted altar of Lugonu.
 50584 | Abyss:4  | Lost mutation: You possess an exceptional clarity of mind.
                  | [a neqoxec]
 50636 | Abyss:4  | Got an abyssal rune of Zot
 50738 | Depths:3 | Escaped the Abyss
 50844 | Pan      | Entered Pandemonium
 50875 | Pan      | Lost mutation: You have very sharp fingernails. [Jiyva's
                  | grace]
 50875 | Pan      | Lost mutation: You have sharp fingernails. [Jiyva's grace]
 50875 | Pan      | Lost mutation: You are completely covered in iridescent
                  | scales. (AC +6) [Jiyva's grace]
 50875 | Pan      | Lost mutation: Your flesh is almost immune to the effects
                  | of heat. (rF+++) [Jiyva's grace]
 50875 | Pan      | Lost mutation: Your flesh is very heat resistant. (rF++)
                  | [Jiyva's grace]
 50875 | Pan      | Lost mutation: You have a considerably increased reservoir
                  | of magic. (+20% MP) [Jiyva's grace]
 50875 | Pan      | Lost mutation: Your body has grown eyes which may confuse
                  | attackers. (Acc +3) [Jiyva's grace]
 50875 | Pan      | Gained mutation: Your rubbery body absorbs attacks. (AC +1,
                  | EV +1) [Jiyva's grace]
 50875 | Pan      | Gained mutation: Your pliable body absorbs attacks. (AC +2,
                  | EV +2) [Jiyva's grace]
 50875 | Pan      | Gained mutation: Your gelatinous body deflects attacks. (AC
                  | +3, EV +3) [Jiyva's grace]
 50875 | Pan      | Gained mutation: Your muscles are strong. (Str +4, Int/Dex
                  | -1) [Jiyva's grace]
 50934 | Pan      | Found a runed translucent door.
 50935 | Pan      | Found a runed translucent door.
 50945 | Pan      | Found a runed translucent door.
 50945 | Pan      | Found a runed translucent door.
 50947 | Pan      | Noticed Oggoxum the pandemonium lord
 50964 | Pan      | Lost mutation: You have an increased reservoir of magic.
                  | (+10% MP) [a cacodemon]
 50988 | Pan      | Gained mutation: You occasionally lose the ability to read
                  | scrolls when taking damage. [a cacodemon]
 51142 | Pan      | Found an exit through the horrors of the Abyss.
 51170 | Pan      | Killed Oggoxum the pandemonium lord
 51913 | Pan      | Noticed Ixyxt the pandemonium lord
 51927 | Pan      | Killed Ixyxt the pandemonium lord
 52011 | Pan      | Got a demonic rune of Zot
 52058 | Pan      | Noticed Tirympea the pandemonium lord
 52072 | Pan      | Killed Tirympea the pandemonium lord
 52128 | Pan      | Gained mutation: Your spells are a little easier to cast,
                  | but a little less powerful. [a cacodemon]
 52130 | Pan      | HP: 5/199 [balrug/+0 demon whip (6)]
 52130 | Pan      | HP: 1/199 [balrug/+0 demon whip (4)]
 52134 | Pan      | Gained mutation: You occasionally shout uncontrollably at
                  | your foes. [a cacodemon]
 52140 | Pan      | Gained mutation: Your magical capacity is low. (-10% MP) [a
                  | cacodemon]
 52142 | Pan      | Gained mutation: You frequently scream uncontrollably at
                  | your foes. [a cacodemon]
 52589 | Pan      | Lost mutation: Your magical capacity is low. (-10% MP)
                  | [Jiyva's grace]
 52589 | Pan      | Lost mutation: Your spells are a little easier to cast, but
                  | a little less powerful. [Jiyva's grace]
 52589 | Pan      | Gained mutation: You have a somewhat thin skeletal
                  | structure. (Dex +2, Stealth+) [Jiyva's grace]
 52589 | Pan      | Gained mutation: You have a moderately thin skeletal
                  | structure. (Dex +4, Stealth++) [Jiyva's grace]
 52589 | Pan      | Gained mutation: You have an unnaturally thin skeletal
                  | structure. (Dex +6, Stealth+++) [Jiyva's grace]
 52589 | Pan      | Gained mutation: Your body has grown eyes which may confuse
                  | attackers. (Acc +3) [Jiyva's grace]
 52786 | Pan      | Entered the realm of Mnoleg.
 52868 | Pan      | Gained mutation: You sometimes lose the ability to read
                  | scrolls when taking damage. [a cacodemon]
 52983 | Pan      | Gained mutation: You sometimes lose your temper in combat.
                  | [a cacodemon]
 53127 | Pan      | Lost mutation: Your gelatinous body deflects attacks. (AC
                  | +3, EV +3) [a cacodemon]
 53596 | Pan      | Noticed Mnoleg
 53611 | Pan      | Killed Mnoleg
 53613 | Pan      | Gained mutation: You are occasionally teleported next to
                  | monsters. [a neqoxec]
 53677 | Pan      | Got a glowing rune of Zot
 53875 | Pan      | Lost mutation: Your pliable body absorbs attacks. (AC +2,
                  | EV +2) [potion of mutation]
 53875 | Pan      | Lost mutation: You sometimes lose the ability to read
                  | scrolls when taking damage. [potion of mutation]
 53875 | Pan      | Gained mutation: You expend magic power (3 MP) to
                  | strengthen your wands. [potion of mutation]
 53876 | Pan      | Lost mutation: You sometimes lose your temper in combat.
                  | [potion of mutation]
 53876 | Pan      | Lost mutation: Your rubbery body absorbs attacks. (AC +1,
                  | EV +1) [potion of mutation]
 53876 | Pan      | Lost mutation: Your flesh is heat resistant. (rF+) [potion
                  | of mutation]
 53876 | Pan      | Gained mutation: Your magical capacity is low. (-10% MP)
                  | [potion of mutation]
 53876 | Pan      | Lost mutation: You frequently scream uncontrollably at your
                  | foes. [potion of mutation]
 53877 | Pan      | Lost mutation: You have an unnaturally thin skeletal
                  | structure. (Dex +6, Stealth+++) [potion of mutation]
 53877 | Pan      | Lost mutation: You expend magic power (3 MP) to strengthen
                  | your wands. [potion of mutation]
 53877 | Pan      | Lost mutation: You occasionally shout uncontrollably at
                  | your foes. [potion of mutation]
 53877 | Pan      | Lost mutation: Your magical capacity is low. (-10% MP)
                  | [potion of mutation]
 53877 | Pan      | Gained mutation: You sometimes lose the ability to read
                  | scrolls when taking damage. [potion of mutation]
 53878 | Pan      | Lost mutation: You have a moderately thin skeletal
                  | structure. (Dex +4, Stealth++) [potion of mutation]
 53878 | Pan      | Lost mutation: Your body has grown eyes which may confuse
                  | attackers. (Acc +3) [potion of mutation]
 53878 | Pan      | Lost mutation: You sometimes lose the ability to read
                  | scrolls when taking damage. [potion of mutation]
 53878 | Pan      | Gained mutation: You expend magic power (3 MP) to
                  | strengthen your wands. [potion of mutation]
 53878 | Pan      | Gained mutation: You have a moderately thin skeletal
                  | structure. (Dex +4, Stealth++) [potion of mutation]
 53879 | Pan      | Lost mutation: You have a moderately thin skeletal
                  | structure. (Dex +4, Stealth++) [potion of mutation]
 53879 | Pan      | Lost mutation: Your muscles are strong. (Str +4, Int/Dex
                  | -1) [potion of mutation]
 53879 | Pan      | Lost mutation: You are occasionally teleported next to
                  | monsters. [potion of mutation]
 53879 | Pan      | Gained mutation: You are vulnerable to heat. (rF-) [potion
                  | of mutation]
 53879 | Pan      | Gained mutation: Your movements are slightly less
                  | encumbered by armour. (ER -2) [potion of mutation]
 53879 | Pan      | Gained mutation: You are strong-willed. (Will+) [potion of
                  | mutation]
 53880 | Pan      | Lost mutation: You are vulnerable to heat. (rF-) [potion of
                  | mutation]
 53880 | Pan      | Lost mutation: You are mostly covered in iridescent scales.
                  | (AC +4) [potion of mutation]
 53880 | Pan      | Lost mutation: You are partially covered in iridescent
                  | scales. (AC +2) [potion of mutation]
 53880 | Pan      | Lost mutation: Your translucent skin slightly reduces your
                  | foes' accuracy. (Stealth+) [potion of mutation]
 53880 | Pan      | Gained mutation: You have a pair of small horns on your
                  | head. [potion of mutation]
 53907 | Pan      | Gained mutation: Your body sometimes deteriorates upon
                  | taking damage. [a neqoxec]
 53998 | Pan      | Noticed Tinor the pandemonium lord
 54002 | Pan      | Killed Tinor the pandemonium lord
 54010 | Pan      | Found an exit through the horrors of the Abyss.
 54031 | Pan      | Lost mutation: You have a pair of small horns on your head.
                  | [Jiyva's grace]
 54031 | Pan      | Lost mutation: Your body sometimes deteriorates upon taking
                  | damage. [Jiyva's grace]
 54031 | Pan      | Lost mutation: You occasionally lose the ability to read
                  | scrolls when taking damage. [Jiyva's grace]
 54031 | Pan      | Gained mutation: You passively dampen the noise of your
                  | surroundings. [Jiyva's grace]
 54031 | Pan      | Gained mutation: Your rubbery body absorbs attacks. (AC +1,
                  | EV +1) [Jiyva's grace]
 54031 | Pan      | Gained mutation: Your pliable body absorbs attacks. (AC +2,
                  | EV +2) [Jiyva's grace]
 54031 | Pan      | Gained mutation: Your gelatinous body deflects attacks. (AC
                  | +3, EV +3) [Jiyva's grace]
 54043 | Pan      | Identified the +3 falchion "Iguanin" {spect, Fragile rPois
                  | rF++ Dex+2 Stlth-}
 54082 | Pan      | Reached skill level 27 in Dodging
 54084 | Pan      | Gained mutation: You occasionally lose the ability to read
                  | scrolls when taking damage. [a cacodemon]
 54114 | Pan      | Gained mutation: You occasionally lose the ability to drink
                  | potions when taking damage. [a neqoxec]
 54127 | Pan      | Gained mutation: Your body sometimes deteriorates upon
                  | taking damage. [a cacodemon]
 54132 | Pan      | Gained mutation: You are dopey. (Int -2) [a cacodemon]
 54134 | Pan      | Gained mutation: You sometimes lose the ability to drink
                  | potions when taking damage. [a cacodemon]
 54341 | Pan      | Gained mutation: You are very dopey. (Int -4) [a cacodemon]
 54813 | Pan      | Found an exit through the horrors of the Abyss.
 54941 | Pan      | Entered the realm of Lom Lobon.
 55105 | Pan      | Noticed Ignacio
 55122 | Pan      | Killed Ignacio
 55651 | Pan      | Noticed Lom Lobon
 55840 | Pan      | Lost mutation: You have a somewhat thin skeletal structure.
                  | (Dex +2, Stealth+) [potion of mutation]
 55840 | Pan      | Lost mutation: Your body sometimes deteriorates upon taking
                  | damage. [potion of mutation]
 55840 | Pan      | Lost mutation: You sometimes lose the ability to drink
                  | potions when taking damage. [potion of mutation]
 55840 | Pan      | Gained mutation: You have sharp fingernails. [potion of
                  | mutation]
 55841 | Pan      | Lost mutation: You passively dampen the noise of your
                  | surroundings. [potion of mutation]
 55841 | Pan      | Lost mutation: You are very dopey. (Int -4) [potion of
                  | mutation]
 55841 | Pan      | Lost mutation: Your gelatinous body deflects attacks. (AC
                  | +3, EV +3) [potion of mutation]
 55841 | Pan      | Gained mutation: You are very dopey. (Int -4) [potion of
                  | mutation]
 55841 | Pan      | Gained mutation: You are partially covered in iridescent
                  | scales. (AC +2) [potion of mutation]
 55842 | Pan      | Lost mutation: You occasionally lose the ability to read
                  | scrolls when taking damage. [potion of mutation]
 55842 | Pan      | Lost mutation: You are strong-willed. (Will+) [potion of
                  | mutation]
 55842 | Pan      | Gained mutation: You do not regenerate when monsters are
                  | visible. [potion of mutation]
 55842 | Pan      | Gained mutation: You sometimes lose the ability to drink
                  | potions when taking damage. [potion of mutation]
 55842 | Pan      | Lost mutation: Your pliable body absorbs attacks. (AC +2,
                  | EV +2) [potion of mutation]
 56085 | Depths:2 | Escaped Pandemonium
 56242 | Zot:1    | Entered Level 1 of the Realm of Zot
 56442 | Zot:1    | Lost mutation: You are partially covered in iridescent
                  | scales. (AC +2) [Jiyva's grace]
 56442 | Zot:1    | Lost mutation: You are very dopey. (Int -4) [Jiyva's grace]
 56442 | Zot:1    | Lost mutation: You sometimes lose the ability to drink
                  | potions when taking damage. [Jiyva's grace]
 56442 | Zot:1    | Lost mutation: You occasionally lose the ability to drink
                  | potions when taking damage. [Jiyva's grace]
 56442 | Zot:1    | Lost mutation: Your movements are slightly less encumbered
                  | by armour. (ER -2) [Jiyva's grace]
 56442 | Zot:1    | Gained mutation: You have large cloven feet. [Jiyva's
                  | grace]
 56442 | Zot:1    | Gained mutation: You have hoof-like feet. [Jiyva's grace]
 56442 | Zot:1    | Gained mutation: You have hooves in place of feet. [Jiyva's
                  | grace]
 56442 | Zot:1    | Gained mutation: You have a pair of small horns on your
                  | head. [Jiyva's grace]
 56462 | Zot:1    | Found the +27 heavy crossbow "Sniper" {heavy, Acc+∞ SInv}
 56489 | Zot:1    | Found a runed translucent door.
 56712 | Zot:1    | Identified the ring of Pocour {rC+ rN+ MP-9 Int+6}
 56852 | Zot:1    | Noticed an ancient lich
 56860 | Zot:1    | Killed an ancient lich
 56864 | Zot:1    | Found a stormy altar of Qazlal.
 57100 | Zot:1    | Noticed Calu's ghost (legendary KoHu)
 57219 | Zot:2    | Identified the +3 halberd of Governance {venom, rPois
                  | Stlth+}
 57780 | Zot:2    | Reached skill level 27 in Shields
 57788 | Zot:2    | Found the amulet of Vitality {RegenMP++ Regen++}
 58136 | Zot:3    | Reached skill level 10 in Stealth
 58424 | Zot:3    | Lost mutation: You have sharp fingernails. [Jiyva's grace]
 58424 | Zot:3    | Lost mutation: You have hooves in place of feet. [Jiyva's
                  | grace]
 58424 | Zot:3    | Lost mutation: You do not regenerate when monsters are
                  | visible. [Jiyva's grace]
 58424 | Zot:3    | Gained mutation: Your flesh is heat resistant. (rF+)
                  | [Jiyva's grace]
 58424 | Zot:3    | Gained mutation: Your flesh is very heat resistant. (rF++)
                  | [Jiyva's grace]
 58424 | Zot:3    | Gained mutation: Your flesh is almost immune to the effects
                  | of heat. (rF+++) [Jiyva's grace]
 58424 | Zot:3    | Gained mutation: You have a small jelly attached to you
                  | that may absorb projectiles. [Jiyva's grace]
 58626 | Zot:4    | Noticed an orb of fire
 58630 | Zot:4    | Gained mutation: You have hidden genetic defects. [an orb
                  | of fire]
 58633 | Zot:4    | Gained mutation: Potions are less effective at restoring
                  | your health. [an orb of fire]
 58634 | Zot:4    | Killed an orb of fire
 58809 | Zot:4    | Identified the -1 cloak of Bitterness {rF- rC+ rCorr Str+3
                  | Int+4}
 58881 | Zot:4    | Reached skill level 15 in Armour
 58895 | Zot:4    | Gained mutation: Potions cannot restore your health.
                  | [hidden defects]
 59361 | Zot:5    | Entered Level 5 of the Realm of Zot
 59703 | Zot:5    | Noticed an orb of fire
 59705 | Zot:5    | Gained mutation: You do not regenerate when monsters are
                  | visible. [an orb of fire]
 59705 | Zot:5    | Noticed an orb of fire
 59706 | Zot:5    | Gained mutation: Armour fits poorly on your strangely
                  | shaped body. [an orb of fire]
 59707 | Zot:5    | Killed an orb of fire
 59707 | Zot:5    | Gained mutation: Your body sometimes deteriorates upon
                  | taking damage. [an orb of fire]
 59708 | Zot:5    | Noticed an orb of fire
 59715 | Zot:5    | Noticed an orb of fire
 59715 | Zot:5    | Noticed an ancient lich
 59716 | Zot:5    | Noticed an ancient lich
 59728 | Zot:5    | Gained mutation: You are frail. (-10% HP) [an orb of fire]
 59787 | Zot:5    | Killed an orb of fire
 59787 | Zot:5    | Noticed an orb of fire
 59789 | Zot:5    | Killed an orb of fire
 59808 | Zot:5    | Gained mutation: You occasionally lose the ability to read
                  | scrolls when taking damage. [hidden defects]
 59808 | Zot:5    | Lost mutation: You have hidden genetic defects. [hidden
                  | defects expressed]
 60369 | Tomb:1   | Entered Level 1 of the Tomb of the Ancients
 60549 | Tomb:1   | Lost mutation: Armour fits poorly on your strangely shaped
                  | body. [Jiyva's grace]
 60549 | Tomb:1   | Lost mutation: Your flesh is almost immune to the effects
                  | of heat. (rF+++) [Jiyva's grace]
 60549 | Tomb:1   | Lost mutation: Your flesh is very heat resistant. (rF++)
                  | [Jiyva's grace]
 60549 | Tomb:1   | Lost mutation: You are frail. (-10% HP) [Jiyva's grace]
 60549 | Tomb:1   | Lost mutation: You expend magic power (3 MP) to strengthen
                  | your wands. [Jiyva's grace]
 60549 | Tomb:1   | Gained mutation: You passively map a small area around you.
                  | [Jiyva's grace]
 60549 | Tomb:1   | Gained mutation: You passively map the area around you.
                  | [Jiyva's grace]
 60549 | Tomb:1   | Gained mutation: You passively map a large area around you.
                  | [Jiyva's grace]
 60549 | Tomb:1   | Gained mutation: You expend magic power (3 MP) to
                  | strengthen your wands. [Jiyva's grace]
 60678 | Tomb:1   | Noticed a royal mummy
 60681 | Tomb:1   | Killed a royal mummy
 60753 | Tomb:1   | Lost mutation: You are dopey. (Int -2) [potion of mutation]
 60753 | Tomb:1   | Lost mutation: Your body sometimes deteriorates upon taking
                  | damage. [potion of mutation]
 60753 | Tomb:1   | Lost mutation: Your rubbery body absorbs attacks. (AC +1,
                  | EV +1) [potion of mutation]
 60753 | Tomb:1   | Gained mutation: Your mind is acute. (Int +4, Str/Dex -1)
                  | [potion of mutation]
 60753 | Tomb:1   | Lost mutation: You have a small jelly attached to you that
                  | may absorb projectiles. [potion of mutation]
 60754 | Tomb:1   | Lost mutation: Your flesh is heat resistant. (rF+) [potion
                  | of mutation]
 60754 | Tomb:1   | Lost mutation: You expend magic power (3 MP) to strengthen
                  | your wands. [potion of mutation]
 60754 | Tomb:1   | Gained mutation: Your mind is very acute. (Int +8, Str/Dex
                  | -2) [potion of mutation]
 60755 | Tomb:1   | Lost mutation: Your mind is very acute. (Int +8, Str/Dex
                  | -2) [potion of mutation]
 60755 | Tomb:1   | Lost mutation: You have hoof-like feet. [potion of
                  | mutation]
 60755 | Tomb:1   | Lost mutation: You have a pair of small horns on your head.
                  | [potion of mutation]
 60756 | Tomb:1   | Lost mutation: You do not regenerate when monsters are
                  | visible. [potion of mutation]
 60756 | Tomb:1   | Lost mutation: Potions cannot restore your health. [potion
                  | of mutation]
 60756 | Tomb:1   | Lost mutation: Your mind is acute. (Int +4, Str/Dex -1)
                  | [potion of mutation]
 60756 | Tomb:1   | Lost mutation: Potions are less effective at restoring your
                  | health. [potion of mutation]
 60756 | Tomb:1   | Gained mutation: You are agile. (Dex +4, Str/Int -1)
                  | [potion of mutation]
 60756 | Tomb:1   | Gained mutation: You are strong-willed. (Will+) [potion of
                  | mutation]
 61108 | Tomb:2   | Noticed a royal mummy
 61109 | Tomb:2   | Noticed a royal mummy
 61109 | Tomb:2   | Noticed a royal mummy
 61112 | Tomb:2   | Noticed a royal mummy
 61142 | Tomb:2   | HP: 4/199 [emperor scorpion[a royal mummy] (7)]
 61149 | Tomb:2   | Killed a royal mummy
 61152 | Tomb:1   | Noticed a royal mummy
 61153 | Tomb:1   | Noticed a royal mummy
 61156 | Tomb:1   | Killed a royal mummy
 61161 | Tomb:1   | Killed a royal mummy
 61163 | Tomb:1   | Noticed a royal mummy
 61167 | Tomb:1   | Noticed a royal mummy
 61169 | Tomb:1   | Killed a royal mummy
 61173 | Tomb:1   | Killed a royal mummy
 61237 | Tomb:1   | Noticed a royal mummy
 61242 | Tomb:1   | Killed a royal mummy
 61263 | Tomb:1   | Noticed a royal mummy
 61265 | Tomb:1   | Killed a royal mummy
 61278 | Tomb:1   | Noticed a royal mummy
 61288 | Tomb:1   | Killed a royal mummy
 61314 | Tomb:1   | Noticed a royal mummy
 61317 | Tomb:1   | Killed a royal mummy
 61324 | Tomb:1   | Noticed a royal mummy
 61329 | Tomb:1   | Noticed a royal mummy
 61333 | Tomb:1   | Noticed a royal mummy
 61339 | Tomb:1   | Noticed a royal mummy
 61341 | Tomb:1   | Noticed a royal mummy
 61365 | Tomb:1   | Noticed a royal mummy
 61365 | Tomb:1   | HP: 7/199 [royal mummy/divine providence (8)]
 61367 | Tomb:1   | HP: 3/199 [royal mummy/divine providence (11)]
 61368 | Tomb:1   | Killed from afar by a royal mummy

Illustrated notes

Levels and vault maps discovered:
D:1:      shiori_arrival_oz, layout_basic, kennysheep_boxes
D:2:      minmay_evil_eye, layout_rooms,
          dreamdust_ecumenical_altar_sealed_demon, uniq_natasha
D:3:      layout_basic, mainiacjoe_overflow_concentric_impassable,
          hellmonk_no_cap, uniq_sigmund
D:4:      layout_basic, nicolae_ashenzari_panopticon, overflow_temple_1_default,
          cheibrodos_sewer_entry_sluice, uniq_menkaure
D:5:      layout_loops_corners, elyvilon_altar_4,
          grunt_dithmenos_smoke_and_mirrors, mainiacjoe_overflow_24_doors,
          uniq_eustachio
D:6:      layout_basic, nicolae_yredelemnul_ghost_church, grunt_ministairs_13,
          minmay_manual_moon
D:7:      layout_rooms, minmay_temple_entry_trees, grunt_ministairs_1,
          st_stairs_14, uniq_jeremiah
D:8:      layout_cave_pools, serial_shops, nicolae_shop_hallway_stairs,
          uniq_maurice
D:9:      layout_gridville, erik_lair_island, hiddenorc2_lemuel,
          lemuel_flame_loot_1
D:10:     layout_cave_pools, zin_statuary, minmay_hollow_rounded_squares,
          uniq_erolcha
D:11:     layout_irregular_city, serial_shops, nicolae_shop_stone,
          minmay_ruined_shrine
D:12:     nzn_motion_control, layout_irregular_city, gammafunk_ghost_necromancy
D:13:     evilmike_diamond_1, layout_irregular_city, enter_trove_3,
          gammafunk_ghost_mausoleum
D:14:     layout_basic, hangedman_vaults_entry_quadrant_bands,
          kennysheep_decorative_pillar, grunt_decor_junction,
          corexii_leaking_fountain, hellmonk_guarded_unrand_cigotuvi
D:15:     gammafunk_depths_entry_grave, layout_small_grid,
          nicolae_wu_jian_wuxing_cycle, nrook_uturn, minmay_misc_feat_columns
Lair:1:   layout_cave_shapes, portal_ice_cave_entry_pillars_2, uniq_fannar
Lair:2:   layout_hall_layers, elwin_shoals_entry_rooms,
          nicolae_snake_entry_squirm, nicolae_lair_run_with_the_wolves
Lair:3:   gammafunk_cloud_chamber, layout_gridlike
Lair:4:   cheibrodos_lair_overgrown_chateau, layout_misc_corridors,
          minmay_slime_entry_pillars, serial_bayou_pond_c, roderic_batcave,
          uniq_rupert
Lair:5:   gammafunk_lair_ancient_temple, layout_concentric_octagons,
          grunt_megastairs_1
Shoals:1: layout_shoals
Shoals:2: layout_shoals, nicolae_shoals_gull_way
Shoals:3: layout_shoals
Shoals:4: shoals_end_hellmonk_holy_island, uniq_polyphemus, uniq_mlioglotl,
          uniq_mara
Snake:1:  layout_basic, grunt_ministairs_12, uniq_asterion, uniq_kirke
Snake:2:  minmay_snake_river, layout_basic
Snake:3:  layout_chambers, gammafunk_ghost_wrathful_warriors
Snake:4:  hellmonk_snake_rune_quicksilver_temple, layout_cave_town, uniq_aizul,
          uniq_agnes
Slime:1:  layout_caves
Slime:2:  layout_caves
Slime:3:  nicolae_slime_pool, layout_caves, nicolae_slime_crime_time
Slime:4:  cheibrodos_slime_lost_civilization_2, layout_caves
Slime:5:  slime_pit_nicolae_jellycorners
Orc:1:    layout_caves, library_closet, bh_open_orc_temple, uniq_sonja
Orc:2:    st_orc_open, layout_caves, guppyfry_orc_lava_fort
Elf:1:    elf_arrival_002, layout_loops_corners, serial_shops,
          nicolae_shop_behind_doors, kennysheep_underground_church, pf_eden,
          hangedman_decor_cross_pass
Elf:2:    elven_hall_of_blades_hangedman_original [nicolae_blade_tridents],
          layout_loops_cross, hangedman_elf_targeted_burst
Elf:3:    elf_hall, layout_geoelf_octagon, serial_shops,
          nicolae_shop_real_fake_doors
Vaults:1: v_misc_12, v_misc_3, nicolae_vaults_trapezoid_4,
          vaults_room_hangedman_quadrants, nicolae_vaults_six-pack,
          grunt_vaults_funnel, hangedman_vaults_slice, layout_vaults_big_room
Vaults:2: infiniplex_enter_wizlab_water, nicolae_vaults_three_branches,
          v_misc_5, nicolae_vaults_trapezoid_lopsided_3,
          nicolae_vaults_bisected_exclaves, nicolae_vaults_prndl,
          hangedman_vaults_trim, nicolae_vaults_diamond_2,
          nicolae_vaults_ring_of_whatevers,
          nicolae_vaults_offset_grid_hallway_1,
          nicolae_vaults_trapezoid_lopsided_1, vaults_mumra_minichess_inversion,
          vaults_room_large_hall, nicolae_vaults_closet_pinwheel_6,
          ontoclasm_vaults_tryst, nicolae_vaults_tetromino_L_2,
          vaults_room_semicircle, layout_vaults_ring
Vaults:3: v_alt_pattern_3, ontoclasm_vaults_idyll, nicolae_vaults_oozy_zoo,
          nicolae_vaults_little_squares_6, nicolae_vaults_trapezoid_3,
          hangedman_vaults_corner, vaults_mumra_hexcomb,
          vaults_room_fancy_cross, vaults_dpeg_diagonal,
          hangedman_vaults_restitches, nicolae_vaults_six-pack,
          minmay_crypt_entry_necro_gods, v_misc_11, nicolae_vaults_weapon_check,
          layout_vaults_maze, uniq_zenata
Vaults:4: v_pattern_5, nicolae_vaults_house_2, ontoclasm_vaults_shout,
          nicolae_vaults_shrinking_rooms_1, nicolae_vaults_network_square,
          nicolae_vaults_surprise_closet, layout_vaults_omnigrid
Vaults:5
Crypt:1:  layout_gridlike, hellmonk_scarab_ruin, grunt_megastairs_4
Crypt:2:  layout_chaotic_city
Crypt:3:  church_of_pain_bobbens, layout_chaotic_city,
          nicolae_crypt_twisting_catacombs
Tomb:1
Tomb:2
Depths:1: layout_roguey, special_room [special_room_jelly],
          kennysheep_cluttered_room, serial_shops, bzr_firewalk,
          gammafunk_ghost_door_vault, pf_coc_iceberg, serial_bayou_pond_e,
          minmay_pinched_square
Depths:2: minmay_complete_graph, layout_honeycomb, hell_entry, serial_shops,
          nicolae_shop_back_alley_shop, kennysheep_little_box,
          rand_demon_pan_entry_4, minmay_crystal_room, uniq_vv, uniq_grunn
Depths:3: nzn_winding_woodlands_small [nzn_winding_woodlands_5x15_parted,
          nzn_winding_woodlands_center_pierced_h,
          nzn_winding_woodlands_5x15_eye], layout_honeycomb, abyss_entry,
          led_sif_pool, hangedman_tar_grid_catacomb, infiniplex_staircase_star,
          uniq_frederick, uniq_margery, uniq_norris
Depths:4: evilmike_zot_entry_hall, layout_gridlike, enter_ziggurat_a,
          nicolae_ru_path_of_blood, grunt_mini_vestibule
Hell
Coc:1:    layout_cocytus_water_paths
Coc:2:    layout_cocytus_water_paths
Coc:3:    layout_cocytus_water_paths
Coc:4:    layout_cocytus_water_paths
Coc:5:    layout_ice_bergs
Coc:6:    layout_cocytus_water_paths, nicolae_coc_statues_of_limitations
Tar:1:    nicolae_tar_tart_auras, layout_cathedral_of_symmetry,
          grunt_tartarus_stairs_gauntlet_trap
Tar:2:    layout_catacombs, nicolae_tar_cuneiform_sun
Tar:3:    layout_honeycomb, nicolae_hells_leichenhalle
Tar:4:    layout_honeycomb
Tar:5:    layout_grid_maze, nicolae_tar_cuneiform_bird
Tar:6:    nicolae_tar_checkpoint_tarlie, layout_cathedral_of_symmetry
Tar:7:    tar_minmay_river
Zot:1:    regret_index_qazlal_generations, layout_gridville,
          ebering_ghost_inner_flame, st_stairs_1
Zot:2:    layout_gridlike, st_small_dragon_hoard_3
Zot:3:    layout_twisted_circle
Zot:4:    layout_twisted_circle
Zot:5:    layout_cellular_growth

Skill      XL: |  1  2  3  4  5  6  7  8  9 10 11 12 13 14 15 16 17 18 19 20 21 22 23 24 25 26 27 |
---------------+----------------------------------------------------------------------------------+-----
Ranged Weapons | 5 6 7 9 11 12 14 16 18 20 21 23 24 25 26 27 | 27.0
Armour         | 1 2 3 4 5 6 7 8 9 10 11 18 | 18.6
Fighting       | 3 4 5 7 8 10 11 13 14 16 17 18 20 22 24 26 27 | 27.0
Dodging        | 2 3 4 5 6 7 8 9 10 11 14 16 19 20 27 | 27.0
Stealth        | 2 3 4 5 6 14 | 14.8
Shields        | 1 4 8 11 13 16 27 | 27.0
Evocations     | |  0.1

Action                     |  1- 3 |  4- 6 |  7- 9 | 10-12 | 13-15 | 16-18 | 19-21 | 22-24 | 25-27 || total
---------------------------+-------+-------+-------+-------+-------+-------+-------+-------+-------++-------
  Melee: Longbow           |       |       |       |       |       |       |       |       |     8 ||     8
   Fire: Shortbow          |   134 |    97 |   361 |       |       |       |       |       |       ||   592
         Orcbow            |       |       |   121 |   483 |       |       |       |       |       ||   604
         Longbow           |       |       |       |   187 |   726 |  1025 |  1568 |  1509 |  5225 || 10240
         Heavy crossbow    |       |       |       |       |       |       |       |       |   550 ||   550
 Invoke: Oozemancy         |       |       |       |       |       |       |     1 |       |       ||     1
         Slimify           |       |       |       |       |       |       |       |       |     1 ||     1
  Evoke: Wand              |       |       |       |       |       |     1 |       |       |     1 ||     2
    Use: Scroll            |    10 |     1 |     4 |     5 |     6 |     3 |     5 |     6 |    17 ||    57
         Potion            |       |       |       |       |       |       |     2 |     3 |    29 ||    34
 Armour: Leather armour    |    51 |    20 |   165 |   234 |   221 |   287 |   317 |   747 |  1957 ||  3999
         Scale mail        |       |       |       |       |       |       |    72 |       |       ||    72
  Dodge: Dodged            |    44 |    19 |   146 |   195 |   267 |   338 |   872 |  1535 |  6494 ||  9910
  Block: Other             |       |       |       |       |       |       |    21 |   255 |   764 ||  1040
         Reflection        |       |       |       |       |       |       |       |    10 |    11 ||    21

Table legend: (Time is in decaauts)
 A = Elapsed time spent in this place.
 B = Non-inter-level travel time spent in this place.
 C = Inter-level travel time spent in this place.
 D = Time resting spent in this place.
 E = Time spent auto-exploring this place.
 F = Levels seen in this place.
 G = Mean time per level.
                   A        B        C        D        E       F      G
               +--------+--------+--------+--------+--------+-----+--------+
         Total |  59413 |  54931 |   4482 |   2836 |  35490 |  90 |  660.1 |
       Dungeon |  12470 |  11516 |    954 |    237 |   8977 |  15 |  831.3 |
          Lair |   4407 |   3956 |    451 |    148 |   2924 |   5 |  881.4 |
        Shoals |   3201 |   3035 |    166 |     90 |   2239 |   4 |  800.2 |
     Snake Pit |   3617 |   3408 |    209 |     42 |   2668 |   4 |  904.2 |
    Slime Pits |    199 |    134 |     65 |      0 |     26 |   5 |   39.8 |
  Orcish Mines |   1272 |   1051 |    221 |     14 |    730 |   2 |  636.0 |
   Elven Halls |   2709 |   2557 |    152 |    116 |   1789 |   3 |  903.0 |
        Vaults |   6117 |   5435 |    682 |    655 |   3507 |   5 | 1223.4 |
         Crypt |   2772 |   2577 |    195 |      0 |   1853 |   3 |  924.0 |
          Tomb |   1222 |   1145 |     77 |     73 |    570 |   2 |  611.0 |
        Depths |   4707 |   3870 |    837 |    168 |   2166 |   4 | 1176.8 |
          Hell |   1074 |   1074 |      0 |    322 |    389 |   1 | 1074.0 |
       Cocytus |   1134 |   1134 |      0 |    412 |     52 |   6 |  189.0 |
      Tartarus |   3209 |   2976 |    233 |    222 |   1284 |   7 |  458.4 |
           Zot |   3910 |   3675 |    235 |     46 |   2610 |   5 |  782.0 |
         Abyss |   1193 |   1193 |      0 |      0 |    375 |   4 |  298.2 |
   Pandemonium |   4831 |   4831 |      0 |    154 |   2648 |  11 |  439.2 |
         Trove |     85 |     85 |      0 |      0 |      0 |   1 |   85.0 |
         Sewer |    619 |    619 |      0 |      0 |    464 |   1 |  619.0 |
      Ice Cave |    245 |    245 |      0 |    107 |     10 |   1 |  245.0 |
        Wizlab |    410 |    410 |      0 |     28 |    206 |   1 |  410.0 |
               +--------+--------+--------+--------+--------+-----+--------+

Top non-repeatable levels by time:
Vaults:4: 1700 daAuts
   Tar:7: 1673 daAuts
Depths:1: 1445 daAuts
 Crypt:3: 1317 daAuts
     D:4: 1245 daAuts
     D:1: 1227 daAuts
 Snake:3: 1222 daAuts
    D:14: 1208 daAuts
Depths:2: 1178 daAuts
Vaults:5: 1177 daAuts
Vaults:2: 1176 daAuts
   Elf:1: 1165 daAuts
  Tomb:1: 1139 daAuts
Depths:3: 1135 daAuts
   Elf:3: 1133 daAuts
